Workbook

Sheet PROPOSTA
A1: PLANILHA DE CUSTOS E FORMAÇÃO DE PREÇOS
A2: Processo nº
A3: Licitação nº
A4: Data da apresentação da proposta (dia/mês/ano):
A5: Data de apresentação da proposta (mês/ano)
A6: Ano Acordo, Convenção ou Sentença Normativa em Dissídio Coletivo:
A7: Nº de meses de execução contratual:
A8: Mão de obra vinculada à execução Contratual
A9: Identificação do Serviço: PRESTAÇÃO CONTINUADA DE SERVIÇOS DE APOIO ADMINISTRATIVO.
A10: Salário para o cálculo de insalubridade (quando couber):
A11: Salário Normativo da Categoria Profissional
A12: Categoria profissional (vinculada à execução Contratual):
... A15: GRUPO 01 - MÃO DE OBRA EXCLUSIVA
A16: Item | B16: Descrição | C16: Und. de Medida | D16: Valor Unit. | E16: Qtd. Mensal | F16: Valor Mensal | G16: Qtd. Anual | H16: Valor Anual | I16: Qtd. Total (30 meses) | J16: Total
A17: 1 | B17: Almoxarife | C17: Posto Mensal | D17: ='01. ALM'!D125 -> 3516.27 | E17: 3 | F17: =E17*D17 -> 10548.81 | G17: =E17*12 -> 36 | H17: =G17*D17 -> 126585.72 | I17: =E17*30 -> 90 | J17: =I17*D17 -> 316464.3
A18: 2 | B18: Auxiliar Administrativo II | C18: Posto Mensal | D18: ='02. ADM'!D125 -> 2737.83 | E18: 33 | F18: =E18*D18 -> 90348.39 | G18: =E18*12 -> 396 | H18: =G18*D18 -> 1084180.7 | I18: =E18*30 -> 990 | J18: =I18*D18 -> 2710451.7
A19: 3 | B19: Assistente Operacional Administrativo I | C19: Posto Mensal | D19: ='03. ADM'!D124 -> 5101.94 | E19: 8 | F19: =E19*D19 -> 40815.52 | G19: =E19*12 -> 96 | H19: =G19*D19 -> 489786.24 | I19: =E19*30 -> 240 | J19: =I19*D19 -> 1224465.6
A20: 4 | B20: Auxiliar de Arquivo | C20: Posto Mensal | D20: ='04. ARQ'!D124 -> 2333.29 | E20: 13 | F20: =E20*D20 -> 30332.77 | G20: =E20*12 -> 156 | H20: =G20*D20 -> 363993.24 | I20: =E20*30 -> 390 | J20: =I20*D20 -> 909983.1
A21: 5 | B21: Agente de Apoio e Serviços | C21: Posto Mensal | D21: ='05. CAR'!D125 -> 2436.1 | E21: 7 | F21: =E21*D21 -> 17052.7 | G21: =E21*12 -> 84 | H21: =G21*D21 -> 204632.4 | I21: =E21*30 -> 210 | J21: =I21*D21 -> 511581
A22: 6 | B22: Auxiliar Técnico de Laboratório | C22: Posto Mensal | D22: ='06. LAB'!D125 -> 4854.42 | E22: 21 | F22: =E22*D22 -> 101942.82 | G22: =E22*12 -> 252 | H22: =G22*D22 -> 1223313.8 | I22: =E22*30 -> 630 | J22: =I22*D22 -> 3058284.6
A23: 7 | B23: Copeiragem | C23: Posto Mensal | D23: ='07. COP'!D125 -> 2492.47 | E23: 3 | F23: =E23*D23 -> 7477.41 | G23: =E23*12 -> 36 | H23: =G23*D23 -> 89728.92 | I23: =E23*30 -> 90 | J23: =I23*D23 -> 224322.3
A24: 8 | B24: Jardineiro | C24: Posto Mensal | D24: ='08. JAR'!D125 -> 2589.44 | E24: 6 | F24: =E24*D24 -> 15536.64 | G24: =E24*12 -> 72 | H24: =G24*D24 -> 186439.68 | I24: =E24*30 -> 180 | J24: =I24*D24 -> 466099.2
A25: 9 | B25: Porteiro 12x36 DIURNO | C25: Posto Mensal | D25: ='09. POR'!D126 -> 4846.76 | E25: 12 | F25: =E25*D25 -> 58161.12 | G25: =E25*12 -> 144 | H25: =G25*D25 -> 697933.44 | I25: =E25*30 -> 360 | J25: =I25*D25 -> 1744833.6
A26: 10 | B26: Porteiro 12x36 NOTURNO | C26: Posto Mensal | D26: ='10. POR'!D126 -> 5345.74 | E26: 8 | F26: =E26*D26 -> 42765.92 | G26: =E26*12 -> 96 | H26: =G26*D26 -> 513191.04 | I26: =E26*30 -> 240 | J26: =I26*D26 -> 1282977.6
A27: 11 | B27: Porteiro 44 Horas | C27: Posto Mensal | D27: ='11. POR'!D125 -> 2423.38 | E27: 7 | F27: =E27*D27 -> 16963.66 | G27: =E27*12 -> 84 | H27: =G27*D27 -> 203563.92 | I27: =E27*30 -> 210 | J27: =I27*D27 -> 508909.8
A28: 12 | B28: Recepcionista II | C28: Posto Mensal | D28: ='12. REC'!D125 -> 2477.54 | E28: 25 | F28: =E28*D28 -> 61938.5 | G28: =E28*12 -> 300 | H28: =G28*D28 -> 743262 | I28: =E28*30 -> 750 | J28: =I28*D28 -> 1858155
A29: 13 | B29: Ledor | C29: Posto Mensal | D29: ='13. LEDOR'!D125 -> 1864.38 | E29: 6 | F29: =E29*D29 -> 11186.28 | G29: =E29*12 -> 72 | H29: =G29*D29 -> 134235.36 | I29: =E29*30 -> 180 | J29: =I29*D29 -> 335588.4
A30: SUBTOTAL GRUPO 01 | F30: =SUM(F17:F29) -> 505070.54 | H30: =SUM(H17:H29) -> 6060846.5 | J30: =SUM(J17:J29) -> 15152116
A31: VALOR TOTAL POR EXTENSO
A32: OBSERVAÇÕES
A33: 1 | B33: No módulo 2 - Insumos de mão de obra o valor informado deverá ser o custo real do insumo (descontado eventualmente pago pelo empregado)
A34: 2 | B34: No módulo 4 - Encargos sociais e trabalhistas os percentauis incidem sobre a remuneração.
A35: 3 | B35: Em conformidade com a nova regra para o aviso prévio, definida na Lei nº 12.506/11, os anos subsequentes ao primeiro ano de contrato deverão considerar 03 dias para fins de aviso prévio até o limite de 12 dias.
A36: 4 | B36: Consoante jurisprudência consolidada do Tribunal de Contas da União, as licitantes deverão abster-se de incluir na planilha de custos e formação de preços os itens relativos à TREEINAMETNO/CAPACITAÇÃO e/ou RECICLAGEM DE PESSOAL E RESERVA TÉCNICA.
A37: 5 | B37: O licitante deve preencher o item Seguro Acidente de Trabalho e FAP do submódulo 4.1 da planilha de custo e formação de preço com o percentual apresentado no relatório SEFIP/GFIP, que será comprovado mediante a apresentação do relatóro GFIP ou outro documento apto a fazê-lo no momento do envio da proposta adequada ao lance vencedor.
A38: 6 | B38: O licitante deve elaborar sua proposta e, por conseguinte, sua planilha com base no regime de tributação ao qual estará submetido durante a execução do contrato.

Sheet 01. ALM
A1: PLANILHA DE CUSTOS E FORMAÇÃO DE PREÇOS
A2: Processo nº
A3: Licitação nº
A4: Data da apresentação da proposta (dia/mês/ano):
A5: Data de apresentação da proposta (mês/ano)
A6: Ano Acordo, Convenção ou Sentença Normativa em Dissídio Coletivo:
A7: Nº de meses de execução contratual: 30 meses
A8: Mão de obra vinculada à execução Contratual: Dedicação Exclusiva
A9: Identificação do Serviço: PRESTAÇÃO DOS SERVIÇOS CONTINUADOS DE APOIO
A10: Salário Normativo da Categoria Profissional:
A11: Categoria profissional (vinculada à execução Contratual):
A12: Data Base da Categoria (dia/mês/ano):
A13: IDENTIFICAÇÃO DO SERVIÇO
A14: Item do TR | B14: Descrição | C14: Carga Horária | D14: Salário
A15: 1 | B15: Almoxarife | C15: 192 h | D15: 1803.34
A16: MÓDULO 1 - COMPOSIÇÃO DA REMUNERAÇÃO
A17: Submódulo 1.1 - Remuneração
A18: Item | B18: Descrição | C18: Percentual % | D18: Valor (R$)
A19: A | B19: Salário-Base | D19: =D15 -> 1803.34
A20: B | B20: Gratificação | C20: 0 | D20: =ROUND((C20*D15),2) -> 0
A21: C | B21: Outros (especificar)
A22: Total do Submódulo 1.1 | D22: =ROUND(SUM(D19:D21),2) -> 1803.34
A23: Submódulo 1.2 - Pagamentos sem natureza remuneratória
A24: Item | B24: Descrição | C24: Percentual % | D24: Valor (R$)
A25: A | B25: Adicional de Boa Permanência | D25: 0
A26: B | B26: Intervalo Intrajornada | C26: 0 | D26: =ROUND((C26*D22),2) -> 0
A27: C | B27: Outros (especificar)
A28: Total do Submódulo 1.2 | D28: =ROUND(SUM(D25:D27),2) -> 0
A30: Quadro-Resumo do Módulo 1 - Composição da Remuneração
A31: Item | B31: Encargos e Benefícios Anuais, Mensais e Diários | D31: Valor (R$)
A32: 1.1 | B32: Remuneração | D32: =D22 -> 1803.34
A33: 1.2 | B33: Pagamentos sem natureza remuneratória e incidência | D33: =D28 -> 0
A34: TOTAL DO MÓDULO 1 | D34: =SUM(D32:D33) -> 1803.34
A36: MÓDULO 2 - Encargos e Benefícios Anuais, Mensais e Diários
A37: Submódulo 2.1 - 13º (décimo terceiro) Salário, Férias e Adicional de Férias | C37: Percentual % | D37: Valor (R$)
A38: A | B38: 13º (décimo terceiro) Salário | C38: 0.0937 | D38: =ROUND(($D$22*C38),2) -> 168.97
A39: B | B39: Adicional de Férias | C39: 0.0312 | D39: =ROUND(($D$22*C39),2) -> 56.26
A40: Total do Submódulo 2.1 | C40: =SUM(C38:C39) -> 0.1249 | D40: =ROUND(SUM(D38:D39),2) -> 225.23
A42: BASE DE CÁLCULO PARA O MÓDULO 2.2
A43: Submódulo 1.1 + Submódulo 2.1 | D43: =D22+D40 -> 2028.57
A44: Submódulo 2.2 - Encargos Previdenciários (GPS), Fundo de Garantia por Tempo de Serviço (FGTS) e outras contribuições | C44: Percentual % | D44: Valor (R$)
A45: A | B45: INSS (Previdência Social) | C45: 0.2 | D45: =ROUND(($D$43*C45),2) -> 405.71
A46: B | B46: SESI ou SESC | C46: 0.015 | D46: =ROUND(($D$43*C46),2) -> 30.43
A47: C | B47: SENAI OU SENAC | C47: 0.01 | D47: =ROUND(($D$43*C47),2) -> 20.29
A48: D | B48: INCRA | C48: 0.002 | D48: =ROUND(($D$43*C48),2) -> 4.06
A49: E | B49: Salário Educação | C49: 0.025 | D49: =ROUND(($D$43*C49),2) -> 50.71
A50: F | B50: FGTS | C50: 0.08 | D50: =ROUND(($D$43*C50),2) -> 162.29
A51: G | B51: Seguro Acidente de Trabalho e FAP (RAT AJUSTADO - RELATÓRIO SEFIP/GFIP) | C51: 0.03 | D51: =ROUND(($D$43*C51),2) -> 60.86
A52: H | B52: SEBRAE | C52: 0.006 | D52: =ROUND(($D$43*C52),2) -> 12.17
A53: Total do Submódulo 2.2 | C53: =SUM(C45:C52) -> 0.368 | D53: =SUM(D45:D52) -> 746.52
A54: Submódulo 2.3 - Benefícios Mensais e Diários | D54: Valor (R$)
A55: A | B55: Transporte (Quantidade: 52, Valor da Passagem: R$ 3,70) - 6% | D55: =ROUND(((3.7*52)-(6%*D15)),2) -> 84.2
A56: B | B56: Auxílio Alimentação | D56: =ROUND((13.1*22*0.8),2) -> 230.56
A57: C | B57: Assistência Médica (CCT) | D57: 110
A58: D | B58: Assistência Odontológica | D58: 10
A59: E | B59: Seguro de vida | D59: 2.26
A60: F | B60: Auxílio Funeral
A61: G | B61: Outros (especificar)
A62: Total do Submódulo 2.3 | D62: =SUM(D55:D61) -> 437.02
A64: Quadro-Resumo do Módulo 2 - Encargos e Benefícios anuais, mensais e diários
A65: Item | B65: Encargos e Benefícios Anuais, Mensais e Diários | D65: Valor (R$)
A66: 2.1 | B66: 13º (décimo terceiro) salário e adicional de férias | C66: =C40 -> 0.1249 | D66: =D40 -> 225.23
A67: 2.2 | B67: GPS, FGTS e outras contribuições | C67: =C53 -> 0.368 | D67: =D53 -> 746.52
A68: 2.3 | B68: Benefícios mensais e diários | D68: =D62 -> 437.02
A69: TOTAL DO MÓDULO 2 | C69: =SUM(C66:C68) -> 0.4929 | D69: =SUM(D66:D68) -> 1408.77
A71: MÓDULO 3 - PROVISÃO PARA RESCISÃO
A72: A | B72: Aviso Prévio Indenizado | D72: =ROUND(C72*D34,2) -> 0
A73: B | B73: Incidência do FGTS sobre o Aviso Prévio Indenizado | D73: =ROUND((D72*C73),2) -> 0
A74: C | B74: Multa do FGTS e Contribuição Social sobre o Aviso Prévio Indenizado | D74: =ROUND((D22*C74),2) -> 0
A75: D | B75: Aviso Prévio Trabalhado | D75: =ROUND(((D22+D69)/12+0.5*D46)*C75,2) -> 0
A76: E | B76: Incidência dos encargos do submódulo 2.2 sobre o Aviso Prévio Trabalhado | D76: =ROUND((D75*C76),2) -> 0
A77: F | B77: Multa do FGTS e Contribuição Social sobre o Aviso Prévio Trabalhado | D77: =ROUND(($D$22*C77),2) -> 0
A78: TOTAL DO MÓDULO 3 | C78: =SUM(C72:C77) -> 0 | D78: =ROUND(SUM(D72:D77),2) -> 0
A80: BASE DE CÁLCULO PARA O MÓDULO 4
A81: Submódulo 1.1 + Módulo 2 + Módulo 3 | D81: =D22+D69+D78 -> 3212.11
A83: MÓDULO 4 - CUSTO DE RESPOSIÇÃO DO PROFISSIONAL AUSENTE
A84: Item | B84: Descrição | C84: Percentual % | D84: Valor (R$)
A85: A | B85: Férias | D85: =ROUND(C85*$D$32,2) -> 0
A86: B | B86: Licença paternidade / maternidade | D86: =ROUND(C86*$D$32,2) -> 0
A87: C | B87: Faltas Legais | D87: =ROUND(C87*$D$32,2) -> 0
A88: D | B88: Acidente de Trabalho | D88: =ROUND(C88*$D$32,2) -> 0
A89: F | B89: Outros (especificar) | D89: =ROUND(C89*$D$32,2) -> 0
A90: TOTAL DO MÓDULO 4 | C90: =SUM(C85:C89) -> 0 | D90: =ROUND(SUM(D85:D89),2) -> 0
A92: MÓDULO 5 - Insumos Diversos
A93: Item | B93: Descrição | D93: Valor (R$)
A94: A | B94: Uniformes | D94: =UNIFORMES!H11 -> 0
A95: B | B95: Materiais | D95: =MATERIAIS!H7 -> 0
A96: C | B96: Equipamentos | D96: 0
A97: C | B97: Outros (especificar) | D97: 0
A98: TOTAL DO MÓDULO 5 | D98: =ROUND(SUM(D94:D97),2) -> 0
A100: BASE DE CÁLCULO PARA O MÓDULO 6
A101: Módulo 1 + Módulo 2 + Módulo 3 + Módulo 4 + Módulo 5 | D101: =SUM(D81+D90+D98) -> 3212.11
B102: Módulo 6 - Custos Indiretos, Tributos e Lucro | C102: Percentual % | D102: Valor (R$)
A103: A | B103: Custos Indiretos | D103: =ROUND(($D$101*C103),2) -> 0
A104: B | B104: Lucro | D104: =ROUND(($D$101*C104),2) -> 0
B105: FATURAMENTO (MT + M6A + M6B) | D105: =D101+D103+D104 -> 3212.11
A106: C | B106: Tributos (Cálculo por Dentro) | C106: =(100-(C113*100))/100 -> 0.9135 | D106: =ROUND(D105/C106,2) -> 3516.27
B107: C.1. Tributos Federais (especificar)
B108: C1-A (PIS) | C108: 0.0065 | D108: =ROUND($D$106*C108,2) -> 22.86
B109: C1-B (COFINS) | C109: 0.03 | D109: =ROUND($D$106*C109,2) -> 105.49
...

Sheet 02. ADM
A1: PLANILHA DE CUSTOS E FORMAÇÃO DE PREÇOS
A2: Processo nº
A3: Licitação nº
A4: Data da apresentação da proposta (dia/mês/ano):
A5: Data de apresentação da proposta (mês/ano)
A6: Ano Acordo, Convenção ou Sentença Normativa em Dissídio Coletivo:
A7: Nº de meses de execução contratual: 30 meses
A8: Mão de obra vinculada à execução Contratual: Dedicação Exclusiva
A9: Identificação do Serviço: PRESTAÇÃO DOS SERVIÇOS CONTINUADOS DE APOIO
A10: Salário Normativo da Categoria Profissional:
A11: Categoria profissional (vinculada à execução Contratual):
A12: Data Base da Categoria (dia/mês/ano):
A13: IDENTIFICAÇÃO DO SERVIÇO
A14: Item do TR | B14: Descrição | C14: Carga Horária | D14: Salário
A15: 1 | B15: Auxiliar Administrativo II | C15: 192 h | D15: 1322.56
A16: MÓDULO 1 - COMPOSIÇÃO DA REMUNERAÇÃO
A17: Submódulo 1.1 - Remuneração
A18: Item | B18: Descrição | C18: Percentual % | D18: Valor (R$)
A19: A | B19: Salário-Base | D19: =D15 -> 1322.56
A20: B | B20: Gratificação | C20: 0 | D20: =ROUND((C20*D15),2) -> 0
A21: C | B21: Outros (especificar)
A22: Total do Submódulo 1.1 | D22: =ROUND(SUM(D19:D21),2) -> 1322.56
A23: Submódulo 1.2 - Pagamentos sem natureza remuneratória
A24: Item | B24: Descrição | C24: Percentual % | D24: Valor (R$)
A25: A | B25: Adicional de Boa Permanência | D25: 0
A26: B | B26: Intervalo Intrajornada | C26: 0 | D26: =ROUND((C26*D22),2) -> 0
A27: C | B27: Outros (especificar)
A28: Total do Submódulo 1.2 | D28: =ROUND(SUM(D25:D27),2) -> 0
A30: Quadro-Resumo do Módulo 1 - Composição da Remuneração
A31: Item | B31: Encargos e Benefícios Anuais, Mensais e Diários | D31: Valor (R$)
A32: 1.1 | B32: Remuneração | D32: =D22 -> 1322.56
A33: 1.2 | B33: Pagamentos sem natureza remuneratória e incidência | D33: =D28 -> 0
A34: TOTAL DO MÓDULO 1 | D34: =SUM(D32:D33) -> 1322.56
A36: MÓDULO 2 - Encargos e Benefícios Anuais, Mensais e Diários
A37: Submódulo 2.1 - 13º (décimo terceiro) Salário, Férias e Adicional de Férias | C37: Percentual % | D37: Valor (R$)
A38: A | B38: 13º (décimo terceiro) Salário | C38: 0.0937 | D38: =ROUND(($D$22*C38),2) -> 123.92
A39: B | B39: Adicional de Férias | C39: 0.0312 | D39: =ROUND(($D$22*C39),2) -> 41.26
A40: Total do Submódulo 2.1 | C40: =SUM(C38:C39) -> 0.1249 | D40: =ROUND(SUM(D38:D39),2) -> 165.18
A42: BASE DE CÁLCULO PARA O MÓDULO 2.2
A43: Submódulo 1.1 + Submódulo 2.1 | D43: =D22+D40 -> 1487.74
A44: Submódulo 2.2 - Encargos Previdenciários (GPS), Fundo de Garantia por Tempo de Serviço (FGTS) e outras contribuições | C44: Percentual % | D44: Valor (R$)
A45: A | B45: INSS (Previdência Social) | C45: 0.2 | D45: =ROUND(($D$43*C45),2) -> 297.55
A46: B | B46: SESI ou SESC | C46: 0.015 | D46: =ROUND(($D$43*C46),2) -> 22.32
A47: C | B47: SENAI OU SENAC | C47: 0.01 | D47: =ROUND(($D$43*C47),2) -> 14.88
A48: D | B48: INCRA | C48: 0.002 | D48: =ROUND(($D$43*C48),2) -> 2.98
A49: E | B49: Salário Educação | C49: 0.025 | D49: =ROUND(($D$43*C49),2) -> 37.19
A50: F | B50: FGTS | C50: 0.08 | D50: =ROUND(($D$43*C50),2) -> 119.02
A51: G | B51: Seguro Acidente de Trabalho e FAP (RAT AJUSTADO - RELATÓRIO SEFIP/GFIP) | C51: 0.03 | D51: =ROUND(($D$43*C51),2) -> 44.63
A52: H | B52: SEBRAE | C52: 0.006 | D52: =ROUND(($D$43*C52),2) -> 8.93
A53: Total do Submódulo 2.2 | C53: =SUM(C45:C52) -> 0.368 | D53: =SUM(D45:D52) -> 547.5
A54: Submódulo 2.3 - Benefícios Mensais e Diários | D54: Valor (R$)
A55: A | B55: Transporte (Quantidade: 52, Valor da Passagem: R$ 3,70) - 6% | D55: =ROUND(((3.7*52)-(6%*D15)),2) -> 113.05
A56: B | B56: Auxílio Alimentação | D56: =ROUND((13.1*22*0.8),2) -> 230.56
A57: C | B57: Assistência Médica (CCT) | D57: 110
A58: D | B58: Assistência Odontológica | D58: 10
A59: E | B59: Seguro de vida | D59: 2.16
A60: F | B60: Auxílio Funeral
A61: G | B61: Outros (especificar)
A62: Total do Submódulo 2.3 | D62: =SUM(D55:D61) -> 465.77
A64: Quadro-Resumo do Módulo 2 - Encargos e Benefícios anuais, mensais e diários
A65: Item | B65: Encargos e Benefícios Anuais, Mensais e Diários | D65: Valor (R$)
A66: 2.1 | B66: 13º (décimo terceiro) salário e adicional de férias | C66: =C40 -> 0.1249 | D66: =D40 -> 165.18
A67: 2.2 | B67: GPS, FGTS e outras contribuições | C67: =C53 -> 0.368 | D67: =D53 -> 547.5
A68: 2.3 | B68: Benefícios mensais e diários | D68: =D62 -> 465.77
A69: TOTAL DO MÓDULO 2 | C69: =SUM(C66:C68) -> 0.4929 | D69: =SUM(D66:D68) -> 1178.45
A71: MÓDULO 3 - PROVISÃO PARA RESCISÃO
A72: A | B72: Aviso Prévio Indenizado | D72: =ROUND(C72*D34,2) -> 0
A73: B | B73: Incidência do FGTS sobre o Aviso Prévio Indenizado | D73: =ROUND((D72*C73),2) -> 0
A74: C | B74: Multa do FGTS e Contribuição Social sobre o Aviso Prévio Indenizado | D74: =ROUND((D22*C74),2) -> 0
A75: D | B75: Aviso Prévio Trabalhado | D75: =ROUND(((D22+D69)/12+0.5*D46)*C75,2) -> 0
A76: E | B76: Incidência dos encargos do submódulo 2.2 sobre o Aviso Prévio Trabalhado | D76: =ROUND((D75*C76),2) -> 0
A77: F | B77: Multa do FGTS e Contribuição Social sobre o Aviso Prévio Trabalhado | D77: =ROUND(($D$22*C77),2) -> 0
A78: TOTAL DO MÓDULO 3 | C78: =SUM(C72:C77) -> 0 | D78: =ROUND(SUM(D72:D77),2) -> 0
A80: BASE DE CÁLCULO PARA O MÓDULO 4
A81: Submódulo 1.1 + Módulo 2 + Módulo 3 | D81: =D22+D69+D78 -> 2501.01
A83: MÓDULO 4 - CUSTO DE RESPOSIÇÃO DO PROFISSIONAL AUSENTE
A84: Item | B84: Descrição | C84: Percentual % | D84: Valor (R$)
A85: A | B85: Férias | D85: =ROUND(C85*$D$32,2) -> 0
A86: B | B86: Licença paternidade / maternidade | D86: =ROUND(C86*$D$32,2) -> 0
A87: C | B87: Faltas Legais | D87: =ROUND(C87*$D$32,2) -> 0
A88: D | B88: Acidente de Trabalho | D88: =ROUND(C88*$D$32,2) -> 0
A89: F | B89: Outros (especificar) | D89: =ROUND(C89*$D$32,2) -> 0
A90: TOTAL DO MÓDULO 4 | C90: =SUM(C85:C89) -> 0 | D90: =ROUND(SUM(D85:D89),2) -> 0
A92: MÓDULO 5 - Insumos Diversos
A93: Item | B93: Descrição | D93: Valor (R$)
A94: A | B94: Uniformes | D94: =UNIFORMES!H22 -> 0
A95: B | B95: Materiais | D95: 0
A96: C | B96: Equipamentos | D96: 0
A97: D | B97: Outros (especificar) | D97: 0
A98: TOTAL DO MÓDULO 5 | D98: =ROUND(SUM(D94:D97),2) -> 0
A100: BASE DE CÁLCULO PARA O MÓDULO 6
A101: Módulo 1 + Módulo 2 + Módulo 3 + Módulo 4 + Módulo 5 | D101: =SUM(D81+D90+D98) -> 2501.01
B102: Módulo 6 - Custos Indiretos, Tributos e Lucro | C102: Percentual % | D102: Valor (R$)
A103: A | B103: Custos Indiretos | D103: =ROUND(($D$101*C103),2) -> 0
A104: B | B104: Lucro | D104: =ROUND(($D$101*C104),2) -> 0
B105: FATURAMENTO (MT + M6A + M6B) | D105: =D101+D103+D104 -> 2501.01
A106: C | B106: Tributos (Cálculo por Dentro) | C106: =(100-(C113*100))/100 -> 0.9135 | D106: =ROUND(D105/C106,2) -> 2737.83
B107: C.1. Tributos Federais (especificar)
B108: C1-A (PIS) | C108: 0.0065 | D108: =ROUND($D$106*C108,2) -> 17.8
B109: C1-B (COFINS) | C109: 0.03 | D109: =ROUND($D$106*C109,2) -> 82.13
...

Sheet 03. ADM
A1: PLANILHA DE CUSTOS E FORMAÇÃO DE PREÇOS
A2: Processo nº
A3: Licitação nº
A4: Data da apresentação da proposta (dia/mês/ano):
A5: Data de apresentação da proposta (mês/ano)
A6: Ano Acordo, Convenção ou Sentença Normativa em Dissídio Coletivo:
A7: Nº de meses de execução contratual: 30 meses
A8: Mão de obra vinculada à execução Contratual: Dedicação Exclusiva
A9: Identificação do Serviço: PRESTAÇÃO DOS SERVIÇOS CONTINUADOS DE APOIO
A10: Salário Normativo da Categoria Profissional:
A11: Categoria profissional (vinculada à execução Contratual):
A12: Data Base da Categoria (dia/mês/ano):
A13: IDENTIFICAÇÃO DO SERVIÇO
A14: Item do TR | B14: Descrição | C14: Carga Horária | D14: Salário
A15: 1 | B15: Assistente Operacional Administrativo I | C15: 192 h | D15: 2782.88
A16: MÓDULO 1 - COMPOSIÇÃO DA REMUNERAÇÃO
A17: Submódulo 1.1 - Remuneração
A18: Item | B18: Descrição | C18: Percentual % | D18: Valor (R$)
A19: A | B19: Salário-Base | D19: =D15 -> 2782.88
A20: B | B20: Gratificação | C20: 0 | D20: =ROUND((C20*D15),2) -> 0
A21: C | B21: Outros (especificar)
A22: Total do Submódulo 1.1 | D22: =ROUND(SUM(D19:D21),2) -> 2782.88
A23: Submódulo 1.2 - Pagamentos sem natureza remuneratória
A24: Item | B24: Descrição | C24: Percentual % | D24: Valor (R$)
A25: A | B25: Adicional de Boa Permanência | D25: 0
A26: B | B26: Intervalo Intrajornada | C26: 0 | D26: =ROUND((C26*D22),2) -> 0
A27: C | B27: Outros (especificar)
A28: Total do Submódulo 1.2 | D28: =ROUND(SUM(D25:D27),2) -> 0
A30: Quadro-Resumo do Módulo 1 - Composição da Remuneração
A31: Item | B31: Encargos e Benefícios Anuais, Mensais e Diários | D31: Valor (R$)
A32: 1.1 | B32: Remuneração | D32: =D22 -> 2782.88
A33: 1.2 | B33: Pagamentos sem natureza remuneratória e incidência | D33: =D28 -> 0
A34: TOTAL DO MÓDULO 1 | D34: =SUM(D32:D33) -> 2782.88
A36: MÓDULO 2 - Encargos e Benefícios Anuais, Mensais e Diários
A37: Submódulo 2.1 - 13º (décimo terceiro) Salário, Férias e Adicional de Férias | C37: Percentual % | D37: Valor (R$)
A38: A | B38: 13º (décimo terceiro) Salário | C38: 0.0937 | D38: =ROUND(($D$22*C38),2) -> 260.76
A39: B | B39: Adicional de Férias | C39: 0.0312 | D39: =ROUND(($D$22*C39),2) -> 86.83
A40: Total do Submódulo 2.1 | C40: =SUM(C38:C39) -> 0.1249 | D40: =ROUND(SUM(D38:D39),2) -> 347.59
A42: BASE DE CÁLCULO PARA O MÓDULO 2.2
A43: Submódulo 1.1 + Submódulo 2.1 | D43: =D22+D40 -> 3130.47
A44: Submódulo 2.2 - Encargos Previdenciários (GPS), Fundo de Garantia por Tempo de Serviço (FGTS) e outras contribuições | C44: Percentual % | D44: Valor (R$)
A45: A | B45: INSS (Previdência Social) | C45: 0.2 | D45: =ROUND(($D$43*C45),2) -> 626.09
A46: B | B46: SESI ou SESC | C46: 0.015 | D46: =ROUND(($D$43*C46),2) -> 46.96
A47: C | B47: SENAI OU SENAC | C47: 0.01 | D47: =ROUND(($D$43*C47),2) -> 31.3
A48: D | B48: INCRA | C48: 0.002 | D48: =ROUND(($D$43*C48),2) -> 6.26
A49: E | B49: Salário Educação | C49: 0.025 | D49: =ROUND(($D$43*C49),2) -> 78.26
A50: F | B50: FGTS | C50: 0.08 | D50: =ROUND(($D$43*C50),2) -> 250.44
A51: G | B51: Seguro Acidente de Trabalho e FAP (RAT AJUSTADO - RELATÓRIO SEFIP/GFIP) | C51: 0.03 | D51: =ROUND(($D$43*C51),2) -> 93.91
A52: H | B52: SEBRAE | C52: 0.006 | D52: =ROUND(($D$43*C52),2) -> 18.78
A53: Total do Submódulo 2.2 | C53: =SUM(C45:C52) -> 0.368 | D53: =SUM(D45:D52) -> 1152
A54: Submódulo 2.3 - Benefícios Mensais e Diários | D54: Valor (R$)
A55: A | B55: Transporte (Quantidade: 52, Valor da Passagem: R$ 3,70) - 6% | D55: =ROUND(((3.7*52)-(6%*D15)),2) -> 25.43
A56: B | B56: Auxílio Alimentação | D56: =ROUND((13.1*22*0.8),2) -> 230.56
A57: C | B57: Assistência Médica (CCT) | D57: 110
A58: D | B58: Assistência Odontológica | D58: 10
A59: E | B59: Seguro de vida | D59: 2.16
A60: F | B60: Auxílio Funeral
A61: G | B61: Outros (especificar)
A62: Total do Submódulo 2.3 | D62: =SUM(D55:D61) -> 378.15
A64: Quadro-Resumo do Módulo 2 - Encargos e Benefícios anuais, mensais e diários
A65: Item | B65: Encargos e Benefícios Anuais, Mensais e Diários | D65: Valor (R$)
A66: 2.1 | B66: 13º (décimo terceiro) salário e adicional de férias | C66: =C40 -> 0.1249 | D66: =D40 -> 347.59
A67: 2.2 | B67: GPS, FGTS e outras contribuições | C67: =C53 -> 0.368 | D67: =D53 -> 1152
A68: 2.3 | B68: Benefícios mensais e diários | D68: =D62 -> 378.15
A69: TOTAL DO MÓDULO 2 | C69: =SUM(C66:C68) -> 0.4929 | D69: =SUM(D66:D68) -> 1877.74
A71: MÓDULO 3 - PROVISÃO PARA RESCISÃO
A72: A | B72: Aviso Prévio Indenizado | D72: 0
A73: B | B73: Incidência do FGTS sobre o Aviso Prévio Indenizado | D73: =ROUND((D72*C73),2) -> 0
A74: C | B74: Multa do FGTS e Contribuição Social sobre o Aviso Prévio Indenizado | D74: =ROUND((D22*C74),2) -> 0
A75: D | B75: Aviso Prévio Trabalhado | D75: =ROUND(((D22+D69)/12+0.5*D46)*C75,2) -> 0
A76: E | B76: Incidência dos encargos do submódulo 2.2 sobre o Aviso Prévio Trabalhado | D76: =ROUND((D75*C76),2) -> 0
A77: F | B77: Multa do FGTS e Contribuição Social sobre o Aviso Prévio Trabalhado | D77: =ROUND(($D$22*C77),2) -> 0
A78: TOTAL DO MÓDULO 3 | C78: =SUM(C72:C77) -> 0 | D78: =ROUND(SUM(D72:D77),2) -> 0
A80: BASE DE CÁLCULO PARA O MÓDULO 4
A81: Submódulo 1.1 + Módulo 2 + Módulo 3 | D81: =D22+D69+D78 -> 4660.62
A83: MÓDULO 4 - CUSTO DE RESPOSIÇÃO DO PROFISSIONAL AUSENTE
A84: Item | B84: Descrição | C84: Percentual % | D84: Valor (R$)
A85: A | B85: Férias | D85: =ROUND(C85*$D$32,2) -> 0
A86: B | B86: Licença paternidade / maternidade | D86: =ROUND(C86*$D$32,2) -> 0
A87: C | B87: Faltas Legais | D87: =ROUND(C87*$D$32,2) -> 0
A88: D | B88: Acidente de Trabalho | D88: =ROUND(C88*$D$32,2) -> 0
A89: F | B89: Outros (especificar) | D89: =ROUND(C89*$D$32,2) -> 0
A90: TOTAL DO MÓDULO 4 | C90: =SUM(C85:C89) -> 0 | D90: =ROUND(SUM(D85:D89),2) -> 0
A92: MÓDULO 5 - Insumos Diversos
A93: Item | B93: Descrição | D93: Valor (R$)
A94: A | B94: Uniformes | D94: =UNIFORMES!H22 -> 0
A95: B | B95: Materiais e Equipamentos | D95: 0
A96: C | B96: Outros (especificar) | D96: 0
A97: TOTAL DO MÓDULO 5 | D97: =ROUND(SUM(D94:D96),2) -> 0
A99: BASE DE CÁLCULO PARA O MÓDULO 6
A100: Módulo 1 + Módulo 2 + Módulo 3 + Módulo 4 + Módulo 5 | D100: =SUM(D81+D90+D97) -> 4660.62
B101: Módulo 6 - Custos Indiretos, Tributos e Lucro | C101: Percentual % | D101: Valor (R$)
A102: A | B102: Custos Indiretos | D102: =ROUND(($D$100*C102),2) -> 0
A103: B | B103: Lucro | D103: =ROUND(($D$100*C103),2) -> 0
B104: FATURAMENTO (MT + M6A + M6B) | D104: =D100+D102+D103 -> 4660.62
A105: C | B105: Tributos (Cálculo por Dentro) | C105: =(100-(C112*100))/100 -> 0.9135 | D105: =ROUND(D104/C105,2) -> 5101.94
B106: C.1. Tributos Federais (especificar)
B107: C1-A (PIS) | C107: 0.0065 | D107: =ROUND($D$105*C107,2) -> 33.16
B108: C1-B (COFINS) | C108: 0.03 | D108: =ROUND($D$105*C108,2) -> 153.06
B109: C.2. Tributos Estaduais (especificar) | D109: =ROUND($D$105*C109,2) -> 0
...

Sheet 04. ARQ
A1: PLANILHA DE CUSTOS E FORMAÇÃO DE PREÇOS
A2: Processo nº
A3: Licitação nº
A4: Data da apresentação da proposta (dia/mês/ano):
A5: Data de apresentação da proposta (mês/ano)
A6: Ano Acordo, Convenção ou Sentença Normativa em Dissídio Coletivo:
A7: Nº de meses de execução contratual: 30 meses
A8: Mão de obra vinculada à execução Contratual: Dedicação Exclusiva
A9: Identificação do Serviço: PRESTAÇÃO DOS SERVIÇOS CONTINUADOS DE APOIO
A10: Salário Normativo da Categoria Profissional:
A11: Categoria profissional (vinculada à execução Contratual):
A12: Data Base da Categoria (dia/mês/ano):
A13: IDENTIFICAÇÃO DO SERVIÇO
A14: Item do TR | B14: Descrição | C14: Carga Horária | D14: Salário
A15: 1 | B15: Auxiliar de Arquivo | C15: 192 h | D15: 1072.67
A16: MÓDULO 1 - COMPOSIÇÃO DA REMUNERAÇÃO
A17: Submódulo 1.1 - Remuneração
A18: Item | B18: Descrição | C18: Percentual % | D18: Valor (R$)
A19: A | B19: Salário-Base | D19: =D15 -> 1072.67
A20: B | B20: Gratificação | C20: 0 | D20: =ROUND((C20*D15),2) -> 0
A21: C | B21: Outros (especificar)
A22: Total do Submódulo 1.1 | D22: =ROUND(SUM(D19:D21),2) -> 1072.67
A23: Submódulo 1.2 - Pagamentos sem natureza remuneratória
A24: Item | B24: Descrição | C24: Percentual % | D24: Valor (R$)
A25: A | B25: Adicional de Boa Permanência | D25: 0
A26: B | B26: Intervalo Intrajornada | C26: 0 | D26: =ROUND((C26*D22),2) -> 0
A27: C | B27: Outros (especificar)
A28: Total do Submódulo 1.2 | D28: =ROUND(SUM(D25:D27),2) -> 0
A30: Quadro-Resumo do Módulo 1 - Composição da Remuneração
A31: Item | B31: Encargos e Benefícios Anuais, Mensais e Diários | D31: Valor (R$)
A32: 1.1 | B32: Remuneração | D32: =D22 -> 1072.67
A33: 1.2 | B33: Pagamentos sem natureza remuneratória e incidência | D33: =D28 -> 0
A34: TOTAL DO MÓDULO 1 | D34: =SUM(D32:D33) -> 1072.67
A36: MÓDULO 2 - Encargos e Benefícios Anuais, Mensais e Diários
A37: Submódulo 2.1 - 13º (décimo terceiro) Salário, Férias e Adicional de Férias | C37: Percentual % | D37: Valor (R$)
A38: A | B38: 13º (décimo terceiro) Salário | C38: 0.0937 | D38: =ROUND(($D$22*C38),2) -> 100.51
A39: B | B39: Adicional de Férias | C39: 0.0312 | D39: =ROUND(($D$22*C39),2) -> 33.47
A40: Total do Submódulo 2.1 | C40: =SUM(C38:C39) -> 0.1249 | D40: =ROUND(SUM(D38:D39),2) -> 133.98
A42: BASE DE CÁLCULO PARA O MÓDULO 2.2
A43: Submódulo 1.1 + Submódulo 2.1 | D43: =D22+D40 -> 1206.65
A44: Submódulo 2.2 - Encargos Previdenciários (GPS), Fundo de Garantia por Tempo de Serviço (FGTS) e outras contribuições | C44: Percentual % | D44: Valor (R$)
A45: A | B45: INSS (Previdência Social) | C45: 0.2 | D45: =ROUND(($D$43*C45),2) -> 241.33
A46: B | B46: SESI ou SESC | C46: 0.015 | D46: =ROUND(($D$43*C46),2) -> 18.1
A47: C | B47: SENAI OU SENAC | C47: 0.01 | D47: =ROUND(($D$43*C47),2) -> 12.07
A48: D | B48: INCRA | C48: 0.002 | D48: =ROUND(($D$43*C48),2) -> 2.41
A49: E | B49: Salário Educação | C49: 0.025 | D49: =ROUND(($D$43*C49),2) -> 30.17
A50: F | B50: FGTS | C50: 0.08 | D50: =ROUND(($D$43*C50),2) -> 96.53
A51: G | B51: Seguro Acidente de Trabalho e FAP (RAT AJUSTADO - RELATÓRIO SEFIP/GFIP) | C51: 0.03 | D51: =ROUND(($D$43*C51),2) -> 36.2
A52: H | B52: SEBRAE | C52: 0.006 | D52: =ROUND(($D$43*C52),2) -> 7.24
A53: Total do Submódulo 2.2 | C53: =SUM(C45:C52) -> 0.368 | D53: =SUM(D45:D52) -> 444.05
A54: Submódulo 2.3 - Benefícios Mensais e Diários | D54: Valor (R$)
A55: A | B55: Transporte (Quantidade: 52, Valor da Passagem: R$ 3,70) - 6% | D55: =ROUND(((3.7*52)-(6%*D15)),2) -> 128.04
A56: B | B56: Auxílio Alimentação | D56: =ROUND((13.1*22*0.8),2) -> 230.56
A57: C | B57: Assistência Médica (CCT) | D57: 110
A58: D | B58: Assistência Odontológica | D58: 10
A59: E | B59: Seguro de vida | D59: 2.16
A60: F | B60: Auxílio Funeral
A61: G | B61: Outros (especificar)
A62: Total do Submódulo 2.3 | D62: =SUM(D55:D61) -> 480.76
A64: Quadro-Resumo do Módulo 2 - Encargos e Benefícios anuais, mensais e diários
A65: Item | B65: Encargos e Benefícios Anuais, Mensais e Diários | D65: Valor (R$)
A66: 2.1 | B66: 13º (décimo terceiro) salário e adicional de férias | C66: =C40 -> 0.1249 | D66: =D40 -> 133.98
A67: 2.2 | B67: GPS, FGTS e outras contribuições | C67: =C53 -> 0.368 | D67: =D53 -> 444.05
A68: 2.3 | B68: Benefícios mensais e diários | D68: =D62 -> 480.76
A69: TOTAL DO MÓDULO 2 | C69: =SUM(C66:C68) -> 0.4929 | D69: =SUM(D66:D68) -> 1058.79
A71: MÓDULO 3 - PROVISÃO PARA RESCISÃO
A72: A | B72: Aviso Prévio Indenizado | D72: =ROUND(C72*D34,2) -> 0
A73: B | B73: Incidência do FGTS sobre o Aviso Prévio Indenizado | D73: =ROUND((D72*C73),2) -> 0
A74: C | B74: Multa do FGTS e Contribuição Social sobre o Aviso Prévio Indenizado | D74: =ROUND((D22*C74),2) -> 0
A75: D | B75: Aviso Prévio Trabalhado | D75: =ROUND(((D22+D69)/12+0.5*D46)*C75,2) -> 0
A76: E | B76: Incidência dos encargos do submódulo 2.2 sobre o Aviso Prévio Trabalhado | D76: =ROUND((D75*C76),2) -> 0
A77: F | B77: Multa do FGTS e Contribuição Social sobre o Aviso Prévio Trabalhado | D77: =ROUND(($D$22*C77),2) -> 0
A78: TOTAL DO MÓDULO 3 | C78: =SUM(C72:C77) -> 0 | D78: =ROUND(SUM(D72:D77),2) -> 0
A80: BASE DE CÁLCULO PARA O MÓDULO 4
A81: Submódulo 1.1 + Módulo 2 + Módulo 3 | D81: =D22+D69+D78 -> 2131.46
A83: MÓDULO 4 - CUSTO DE RESPOSIÇÃO DO PROFISSIONAL AUSENTE
A84: Item | B84: Descrição | C84: Percentual % | D84: Valor (R$)
A85: A | B85: Férias | D85: =ROUND(C85*$D$32,2) -> 0
A86: B | B86: Licença paternidade / maternidade | D86: =ROUND(C86*$D$32,2) -> 0
A87: C | B87: Faltas Legais | D87: =ROUND(C87*$D$32,2) -> 0
A88: D | B88: Acidente de Trabalho | D88: =ROUND(C88*$D$32,2) -> 0
A89: F | B89: Outros (especificar) | D89: =ROUND(C89*$D$32,2) -> 0
A90: TOTAL DO MÓDULO 4 | C90: =SUM(C85:C89) -> 0 | D90: =ROUND(SUM(D85:D89),2) -> 0
A92: MÓDULO 5 - Insumos Diversos
A93: Item | B93: Descrição | D93: Valor (R$)
A94: A | B94: Uniformes | D94: =UNIFORMES!H22 -> 0
A95: B | B95: Materiais e Equipamentos | D95: =MATERIAIS!H14 -> 0
A96: C | B96: Outros (especificar) | D96: 0
A97: TOTAL DO MÓDULO 5 | D97: =ROUND(SUM(D94:D96),2) -> 0
A99: BASE DE CÁLCULO PARA O MÓDULO 6
A100: Módulo 1 + Módulo 2 + Módulo 3 + Módulo 4 + Módulo 5 | D100: =SUM(D81+D90+D97) -> 2131.46
B101: Módulo 6 - Custos Indiretos, Tributos e Lucro | C101: Percentual % | D101: Valor (R$)
A102: A | B102: Custos Indiretos | D102: =ROUND(($D$100*C102),2) -> 0
A103: B | B103: Lucro | D103: =ROUND(($D$100*C103),2) -> 0
B104: FATURAMENTO (MT + M6A + M6B) | D104: =D100+D102+D103 -> 2131.46
A105: C | B105: Tributos (Cálculo por Dentro) | C105: =(100-(C112*100))/100 -> 0.9135 | D105: =ROUND(D104/C105,2) -> 2333.29
B106: C.1. Tributos Federais (especificar)
B107: C1-A (PIS) | C107: 0.0065 | D107: =ROUND($D$105*C107,2) -> 15.17
B108: C1-B (COFINS) | C108: 0.03 | D108: =ROUND($D$105*C108,2) -> 70
B109: C.2. Tributos Estaduais (especificar) | D109: =ROUND($D$105*C109,2) -> 0
...

Sheet 05. CAR
A1: PLANILHA DE CUSTOS E FORMAÇÃO DE PREÇOS
A2: Processo nº
A3: Licitação nº
A4: Data da apresentação da proposta (dia/mês/ano):
A5: Data de apresentação da proposta (mês/ano)
A6: Ano Acordo, Convenção ou Sentença Normativa em Dissídio Coletivo:
A7: Nº de meses de execução contratual: 30 meses
A8: Mão de obra vinculada à execução Contratual: Dedicação Exclusiva
A9: Identificação do Serviço: PRESTAÇÃO DOS SERVIÇOS CONTINUADOS DE APOIO
A10: Salário Normativo da Categoria Profissional:
A11: Categoria profissional (vinculada à execução Contratual):
A12: Data Base da Categoria (dia/mês/ano):
A13: IDENTIFICAÇÃO DO SERVIÇO
A14: Item do TR | B14: Descrição | C14: Carga Horária | D14: Salário
A15: 1 | B15: Agente de Apoio e Serviços | C15: 192 h | D15: 1136.18
A16: MÓDULO 1 - COMPOSIÇÃO DA REMUNERAÇÃO
A17: Submódulo 1.1 - Remuneração
A18: Item | B18: Descrição | C18: Percentual % | D18: Valor (R$)
A19: A | B19: Salário-Base | D19: =D15 -> 1136.18
A20: B | B20: Gratificação | C20: 0 | D20: =ROUND((C20*D15),2) -> 0
A21: C | B21: Outros (especificar)
A22: Total do Submódulo 1.1 | D22: =ROUND(SUM(D19:D21),2) -> 1136.18
A23: Submódulo 1.2 - Pagamentos sem natureza remuneratória
A24: Item | B24: Descrição | C24: Percentual % | D24: Valor (R$)
A25: A | B25: Adicional de Boa Permanência | D25: 0
A26: B | B26: Intervalo Intrajornada | C26: 0 | D26: =ROUND((C26*D22),2) -> 0
A27: C | B27: Outros (especificar)
A28: Total do Submódulo 1.2 | D28: =ROUND(SUM(D25:D27),2) -> 0
A30: Quadro-Resumo do Módulo 1 - Composição da Remuneração
A31: Item | B31: Encargos e Benefícios Anuais, Mensais e Diários | D31: Valor (R$)
A32: 1.1 | B32: Remuneração | D32: =D22 -> 1136.18
A33: 1.2 | B33: Pagamentos sem natureza remuneratória e incidência | D33: =D28 -> 0
A34: TOTAL DO MÓDULO 1 | D34: =SUM(D32:D33) -> 1136.18
A36: MÓDULO 2 - Encargos e Benefícios Anuais, Mensais e Diários
A37: Submódulo 2.1 - 13º (décimo terceiro) Salário, Férias e Adicional de Férias | C37: Percentual % | D37: Valor (R$)
A38: A | B38: 13º (décimo terceiro) Salário | C38: 0.0937 | D38: =ROUND(($D$22*C38),2) -> 106.46
A39: B | B39: Adicional de Férias | C39: 0.0312 | D39: =ROUND(($D$22*C39),2) -> 35.45
A40: Total do Submódulo 2.1 | C40: =SUM(C38:C39) -> 0.1249 | D40: =ROUND(SUM(D38:D39),2) -> 141.91
A42: BASE DE CÁLCULO PARA O MÓDULO 2.2
A43: Submódulo 1.1 + Submódulo 2.1 | D43: =D22+D40 -> 1278.09
A44: Submódulo 2.2 - Encargos Previdenciários (GPS), Fundo de Garantia por Tempo de Serviço (FGTS) e outras contribuições | C44: Percentual % | D44: Valor (R$)
A45: A | B45: INSS (Previdência Social) | C45: 0.2 | D45: =ROUND(($D$43*C45),2) -> 255.62
A46: B | B46: SESI ou SESC | C46: 0.015 | D46: =ROUND(($D$43*C46),2) -> 19.17
A47: C | B47: SENAI OU SENAC | C47: 0.01 | D47: =ROUND(($D$43*C47),2) -> 12.78
A48: D | B48: INCRA | C48: 0.002 | D48: =ROUND(($D$43*C48),2) -> 2.56
A49: E | B49: Salário Educação | C49: 0.025 | D49: =ROUND(($D$43*C49),2) -> 31.95
A50: F | B50: FGTS | C50: 0.08 | D50: =ROUND(($D$43*C50),2) -> 102.25
A51: G | B51: Seguro Acidente de Trabalho e FAP (RAT AJUSTADO - RELATÓRIO SEFIP/GFIP) | C51: 0.03 | D51: =ROUND(($D$43*C51),2) -> 38.34
A52: H | B52: SEBRAE | C52: 0.006 | D52: =ROUND(($D$43*C52),2) -> 7.67
A53: Total do Submódulo 2.2 | C53: =SUM(C45:C52) -> 0.368 | D53: =SUM(D45:D52) -> 470.34
A54: Submódulo 2.3 - Benefícios Mensais e Diários | D54: Valor (R$)
A55: A | B55: Transporte (Quantidade: 52, Valor da Passagem: R$ 3,70) - 6% | D55: =ROUND(((3.7*52)-(6%*D15)),2) -> 124.23
A56: B | B56: Auxílio Alimentação | D56: =ROUND((13.1*22*0.8),2) -> 230.56
A57: C | B57: Assistência Médica (CCT) | D57: 110
A58: D | B58: Assistência Odontológica | D58: 10
A59: E | B59: Seguro de vida | D59: 2.16
A60: F | B60: Auxílio Funeral
A61: G | B61: Outros (especificar)
A62: Total do Submódulo 2.3 | D62: =SUM(D55:D61) -> 476.95
A64: Quadro-Resumo do Módulo 2 - Encargos e Benefícios anuais, mensais e diários
A65: Item | B65: Encargos e Benefícios Anuais, Mensais e Diários | D65: Valor (R$)
A66: 2.1 | B66: 13º (décimo terceiro) salário e adicional de férias | C66: =C40 -> 0.1249 | D66: =D40 -> 141.91
A67: 2.2 | B67: GPS, FGTS e outras contribuições | C67: =C53 -> 0.368 | D67: =D53 -> 470.34
A68: 2.3 | B68: Benefícios mensais e diários | D68: =D62 -> 476.95
A69: TOTAL DO MÓDULO 2 | C69: =SUM(C66:C68) -> 0.4929 | D69: =SUM(D66:D68) -> 1089.2
A71: MÓDULO 3 - PROVISÃO PARA RESCISÃO
A72: A | B72: Aviso Prévio Indenizado | D72: =ROUND(C72*D34,2) -> 0
A73: B | B73: Incidência do FGTS sobre o Aviso Prévio Indenizado | D73: =ROUND((D72*C73),2) -> 0
A74: C | B74: Multa do FGTS e Contribuição Social sobre o Aviso Prévio Indenizado | D74: =ROUND((D22*C74),2) -> 0
A75: D | B75: Aviso Prévio Trabalhado | D75: =ROUND(((D22+D69)/12+0.5*D46)*C75,2) -> 0
A76: E | B76: Incidência dos encargos do submódulo 2.2 sobre o Aviso Prévio Trabalhado | D76: =ROUND((D75*C76),2) -> 0
A77: F | B77: Multa do FGTS e Contribuição Social sobre o Aviso Prévio Trabalhado | D77: =ROUND(($D$22*C77),2) -> 0
A78: TOTAL DO MÓDULO 3 | C78: =SUM(C72:C77) -> 0 | D78: =ROUND(SUM(D72:D77),2) -> 0
A80: BASE DE CÁLCULO PARA O MÓDULO 4
A81: Submódulo 1.1 + Módulo 2 + Módulo 3 | D81: =D22+D69+D78 -> 2225.38
A83: MÓDULO 4 - CUSTO DE RESPOSIÇÃO DO PROFISSIONAL AUSENTE
A84: Item | B84: Descrição | C84: Percentual % | D84: Valor (R$)
A85: A | B85: Férias | D85: =ROUND(C85*$D$32,2) -> 0
A86: B | B86: Licença paternidade / maternidade | D86: =ROUND(C86*$D$32,2) -> 0
A87: C | B87: Faltas Legais | D87: =ROUND(C87*$D$32,2) -> 0
A88: D | B88: Acidente de Trabalho | D88: =ROUND(C88*$D$32,2) -> 0
A89: F | B89: Outros (especificar) | D89: =ROUND(C89*$D$32,2) -> 0
A90: TOTAL DO MÓDULO 4 | C90: =SUM(C85:C89) -> 0 | D90: =ROUND(SUM(D85:D89),2) -> 0
A92: MÓDULO 5 - Insumos Diversos
A93: Item | B93: Descrição | D93: Valor (R$)
A94: A | B94: Uniformes | D94: =UNIFORMES!H58 -> 0
A95: B | B95: Materiais | D95: =MATERIAIS!H7 -> 0
A96: C | B96: Equipamentos | D96: =EQUIPAMENTOS!H18 -> 0
A97: D | B97: Outros (especificar) | D97: 0
A98: TOTAL DO MÓDULO 5 | D98: =ROUND(SUM(D94:D97),2) -> 0
A100: BASE DE CÁLCULO PARA O MÓDULO 6
A101: Módulo 1 + Módulo 2 + Módulo 3 + Módulo 4 + Módulo 5 | D101: =SUM(D81+D90+D98) -> 2225.38
B102: Módulo 6 - Custos Indiretos, Tributos e Lucro | C102: Percentual % | D102: Valor (R$)
A103: A | B103: Custos Indiretos | D103: =ROUND(($D$101*C103),2) -> 0
A104: B | B104: Lucro | D104: =ROUND(($D$101*C104),2) -> 0
B105: FATURAMENTO (MT + M6A + M6B) | D105: =D101+D103+D104 -> 2225.38
A106: C | B106: Tributos (Cálculo por Dentro) | C106: =(100-(C113*100))/100 -> 0.9135 | D106: =ROUND(D105/C106,2) -> 2436.1
B107: C.1. Tributos Federais (especificar)
B108: C1-A (PIS) | C108: 0.0065 | D108: =ROUND($D$106*C108,2) -> 15.83
B109: C1-B (COFINS) | C109: 0.03 | D109: =ROUND($D$106*C109,2) -> 73.08
...

Sheet 06. LAB
A1: PLANILHA DE CUSTOS E FORMAÇÃO DE PREÇOS
A2: Processo nº
A3: Licitação nº
A4: Data da apresentação da proposta (dia/mês/ano):
A5: Data de apresentação da proposta (mês/ano)
A6: Ano Acordo, Convenção ou Sentença Normativa em Dissídio Coletivo:
A7: Nº de meses de execução contratual: 30 meses
A8: Mão de obra vinculada à execução Contratual: Dedicação Exclusiva
A9: Identificação do Serviço: PRESTAÇÃO DOS SERVIÇOS CONTINUADOS DE APOIO
A10: Salário Normativo da Categoria Profissional:
A11: Categoria profissional (vinculada à execução Contratual):
A12: Data Base da Categoria (dia/mês/ano):
A13: IDENTIFICAÇÃO DO SERVIÇO
A14: Item do TR | B14: Descrição | C14: Carga Horária | D14: Salário
A15: 1 | B15: Auxiliar Técnico em Laboratório | C15: 192 h | D15: 2629.99
A16: MÓDULO 1 - COMPOSIÇÃO DA REMUNERAÇÃO
A17: Submódulo 1.1 - Remuneração
A18: Item | B18: Descrição | C18: Percentual % | D18: Valor (R$)
A19: A | B19: Salário-Base | D19: =D15 -> 2629.99
A20: B | B20: Gratificação | C20: 0 | D20: =ROUND((C20*D15),2) -> 0
A21: C | B21: Outros (especificar)
A22: Total do Submódulo 1.1 | D22: =ROUND(SUM(D19:D21),2) -> 2629.99
A23: Submódulo 1.2 - Pagamentos sem natureza remuneratória
A24: Item | B24: Descrição | C24: Percentual % | D24: Valor (R$)
A25: A | B25: Adicional de Boa Permanência | D25: 0
A26: B | B26: Intervalo Intrajornada | C26: 0 | D26: =ROUND((C26*D22),2) -> 0
A27: C | B27: Outros (especificar)
A28: Total do Submódulo 1.2 | D28: =ROUND(SUM(D25:D27),2) -> 0
A30: Quadro-Resumo do Módulo 1 - Composição da Remuneração
A31: Item | B31: Encargos e Benefícios Anuais, Mensais e Diários | D31: Valor (R$)
A32: 1.1 | B32: Remuneração | D32: =D22 -> 2629.99
A33: 1.2 | B33: Pagamentos sem natureza remuneratória e incidência | D33: =D28 -> 0
A34: TOTAL DO MÓDULO 1 | D34: =SUM(D32:D33) -> 2629.99
A36: MÓDULO 2 - Encargos e Benefícios Anuais, Mensais e Diários
A37: Submódulo 2.1 - 13º (décimo terceiro) Salário, Férias e Adicional de Férias | C37: Percentual % | D37: Valor (R$)
A38: A | B38: 13º (décimo terceiro) Salário | C38: 0.0937 | D38: =ROUND(($D$22*C38),2) -> 246.43
A39: B | B39: Adicional de Férias | C39: 0.0312 | D39: =ROUND(($D$22*C39),2) -> 82.06
A40: Total do Submódulo 2.1 | C40: =SUM(C38:C39) -> 0.1249 | D40: =ROUND(SUM(D38:D39),2) -> 328.49
A42: BASE DE CÁLCULO PARA O MÓDULO 2.2
A43: Submódulo 1.1 + Submódulo 2.1 | D43: =D22+D40 -> 2958.48
A44: Submódulo 2.2 - Encargos Previdenciários (GPS), Fundo de Garantia por Tempo de Serviço (FGTS) e outras contribuições | C44: Percentual % | D44: Valor (R$)
A45: A | B45: INSS (Previdência Social) | C45: 0.2 | D45: =ROUND(($D$43*C45),2) -> 591.7
A46: B | B46: SESI ou SESC | C46: 0.015 | D46: =ROUND(($D$43*C46),2) -> 44.38
A47: C | B47: SENAI OU SENAC | C47: 0.01 | D47: =ROUND(($D$43*C47),2) -> 29.58
A48: D | B48: INCRA | C48: 0.002 | D48: =ROUND(($D$43*C48),2) -> 5.92
A49: E | B49: Salário Educação | C49: 0.025 | D49: =ROUND(($D$43*C49),2) -> 73.96
A50: F | B50: FGTS | C50: 0.08 | D50: =ROUND(($D$43*C50),2) -> 236.68
A51: G | B51: Seguro Acidente de Trabalho e FAP (RAT AJUSTADO - RELATÓRIO SEFIP/GFIP) | C51: 0.03 | D51: =ROUND(($D$43*C51),2) -> 88.75
A52: H | B52: SEBRAE | C52: 0.006 | D52: =ROUND(($D$43*C52),2) -> 17.75
A53: Total do Submódulo 2.2 | C53: =SUM(C45:C52) -> 0.368 | D53: =SUM(D45:D52) -> 1088.72
A54: Submódulo 2.3 - Benefícios Mensais e Diários | D54: Valor (R$)
A55: A | B55: Transporte (Quantidade: 52, Valor da Passagem: R$ 3,70) - 6% | D55: =ROUND(((3.7*52)-(6%*D15)),2) -> 34.6
A56: B | B56: Auxílio Alimentação | D56: 230.56
A57: C | B57: Assistência Médica (CCT) | D57: 110
A58: D | B58: Assistência Odontológica | D58: 10
A59: E | B59: Seguro de vida | D59: 2.16
A60: F | B60: Auxílio Funeral
A61: G | B61: Outros (especificar)
A62: Total do Submódulo 2.3 | D62: =SUM(D55:D61) -> 387.32
A64: Quadro-Resumo do Módulo 2 - Encargos e Benefícios anuais, mensais e diários
A65: Item | B65: Encargos e Benefícios Anuais, Mensais e Diários | D65: Valor (R$)
A66: 2.1 | B66: 13º (décimo terceiro) salário e adicional de férias | C66: =C40 -> 0.1249 | D66: =D40 -> 328.49
A67: 2.2 | B67: GPS, FGTS e outras contribuições | C67: =C53 -> 0.368 | D67: =D53 -> 1088.72
A68: 2.3 | B68: Benefícios mensais e diários | D68: =D62 -> 387.32
A69: TOTAL DO MÓDULO 2 | C69: =SUM(C66:C68) -> 0.4929 | D69: =SUM(D66:D68) -> 1804.53
A71: MÓDULO 3 - PROVISÃO PARA RESCISÃO
A72: A | B72: Aviso Prévio Indenizado | D72: =ROUND(C72*D34,2) -> 0
A73: B | B73: Incidência do FGTS sobre o Aviso Prévio Indenizado | D73: =ROUND((D72*C73),2) -> 0
A74: C | B74: Multa do FGTS e Contribuição Social sobre o Aviso Prévio Indenizado | D74: =ROUND((D22*C74),2) -> 0
A75: D | B75: Aviso Prévio Trabalhado | D75: =ROUND(((D22+D69)/12+0.5*D46)*C75,2) -> 0
A76: E | B76: Incidência dos encargos do submódulo 2.2 sobre o Aviso Prévio Trabalhado | D76: =ROUND((D75*C76),2) -> 0
A77: F | B77: Multa do FGTS e Contribuição Social sobre o Aviso Prévio Trabalhado | D77: =ROUND(($D$22*C77),2) -> 0
A78: TOTAL DO MÓDULO 3 | C78: =SUM(C72:C77) -> 0 | D78: =ROUND(SUM(D72:D77),2) -> 0
A80: BASE DE CÁLCULO PARA O MÓDULO 4
A81: Submódulo 1.1 + Módulo 2 + Módulo 3 | D81: =D22+D69+D78 -> 4434.52
A83: MÓDULO 4 - CUSTO DE RESPOSIÇÃO DO PROFISSIONAL AUSENTE
A84: Item | B84: Descrição | C84: Percentual % | D84: Valor (R$)
A85: A | B85: Férias | D85: =ROUND(C85*$D$32,2) -> 0
A86: B | B86: Licença paternidade / maternidade | D86: =ROUND(C86*$D$32,2) -> 0
A87: C | B87: Faltas Legais | D87: =ROUND(C87*$D$32,2) -> 0
A88: D | B88: Acidente de Trabalho | D88: =ROUND(C88*$D$32,2) -> 0
A89: F | B89: Outros (especificar) | D89: =ROUND(C89*$D$32,2) -> 0
A90: TOTAL DO MÓDULO 4 | C90: =SUM(C85:C89) -> 0 | D90: =ROUND(SUM(D85:D89),2) -> 0
A92: MÓDULO 5 - Insumos Diversos
A93: Item | B93: Descrição | D93: Valor (R$)
A94: A | B94: Uniformes | D94: =UNIFORMES!H34 -> 0
A95: B | B95: Materiais | D95: 0
A96: C | B96: Equipamentos | D96: 0
A97: D | B97: Outros (especificar) | D97: 0
A98: TOTAL DO MÓDULO 5 | D98: =ROUND(SUM(D94:D97),2) -> 0
A100: BASE DE CÁLCULO PARA O MÓDULO 6
A101: Módulo 1 + Módulo 2 + Módulo 3 + Módulo 4 + Módulo 5 | D101: =SUM(D81+D90+D98) -> 4434.52
B102: Módulo 6 - Custos Indiretos, Tributos e Lucro | C102: Percentual % | D102: Valor (R$)
A103: A | B103: Custos Indiretos | D103: =ROUND(($D$101*C103),2) -> 0
A104: B | B104: Lucro | D104: =ROUND(($D$101*C104),2) -> 0
B105: FATURAMENTO (MT + M6A + M6B) | D105: =D101+D103+D104 -> 4434.52
A106: C | B106: Tributos (Cálculo por Dentro) | C106: =(100-(C113*100))/100 -> 0.9135 | D106: =ROUND(D105/C106,2) -> 4854.43
B107: C.1. Tributos Federais (especificar)
B108: C1-A (PIS) | C108: 0.0065 | D108: =ROUND($D$106*C108,2) -> 31.55
B109: C1-B (COFINS) | C109: 0.03 | D109: =ROUND($D$106*C109,2) -> 145.63
...

Sheet 07. COP
A1: PLANILHA DE CUSTOS E FORMAÇÃO DE PREÇOS
A2: Processo nº
A3: Licitação nº
A4: Data da apresentação da proposta (dia/mês/ano):
A5: Data de apresentação da proposta (mês/ano)
A6: Ano Acordo, Convenção ou Sentença Normativa em Dissídio Coletivo:
A7: Nº de meses de execução contratual: 30 meses
A8: Mão de obra vinculada à execução Contratual: Dedicação Exclusiva
A9: Identificação do Serviço: PRESTAÇÃO DOS SERVIÇOS CONTINUADOS DE APOIO
A10: Salário Normativo da Categoria Profissional:
A11: Categoria profissional (vinculada à execução Contratual):
A12: Data Base da Categoria (dia/mês/ano):
A13: IDENTIFICAÇÃO DO SERVIÇO
A14: Item do TR | B14: Descrição | C14: Carga Horária | D14: Salário
A15: 1 | B15: Copeira | C15: 192 h | D15: 1062.13
A16: MÓDULO 1 - COMPOSIÇÃO DA REMUNERAÇÃO
A17: Submódulo 1.1 - Remuneração
A18: Item | B18: Descrição | C18: Percentual % | D18: Valor (R$)
A19: A | B19: Salário-Base | D19: =D15 -> 1062.13
A20: B | B20: Gratificação | C20: 0 | D20: =ROUND((C20*D15),2) -> 0
A21: C | B21: Outros (especificar)
A22: Total do Submódulo 1.1 | D22: =ROUND(SUM(D19:D21),2) -> 1062.13
A23: Submódulo 1.2 - Pagamentos sem natureza remuneratória
A24: Item | B24: Descrição | C24: Percentual % | D24: Valor (R$)
A25: A | B25: Adicional de Boa Permanência | D25: 0
A26: B | B26: Intervalo Intrajornada | C26: 0 | D26: =ROUND((C26*D22),2) -> 0
A27: C | B27: Outros (especificar)
A28: Total do Submódulo 1.2 | D28: =ROUND(SUM(D25:D27),2) -> 0
A30: Quadro-Resumo do Módulo 1 - Composição da Remuneração
A31: Item | B31: Encargos e Benefícios Anuais, Mensais e Diários | D31: Valor (R$)
A32: 1.1 | B32: Remuneração | D32: =D22 -> 1062.13
A33: 1.2 | B33: Pagamentos sem natureza remuneratória e incidência | D33: =D28 -> 0
A34: TOTAL DO MÓDULO 1 | D34: =SUM(D32:D33) -> 1062.13
A36: MÓDULO 2 - Encargos e Benefícios Anuais, Mensais e Diários
A37: Submódulo 2.1 - 13º (décimo terceiro) Salário, Férias e Adicional de Férias | C37: Percentual % | D37: Valor (R$)
A38: A | B38: 13º (décimo terceiro) Salário | C38: 0.0937 | D38: =ROUND(($D$22*C38),2) -> 99.52
A39: B | B39: Adicional de Férias | C39: 0.0312 | D39: =ROUND(($D$22*C39),2) -> 33.14
A40: Total do Submódulo 2.1 | C40: =SUM(C38:C39) -> 0.1249 | D40: =ROUND(SUM(D38:D39),2) -> 132.66
A42: BASE DE CÁLCULO PARA O MÓDULO 2.2
A43: Submódulo 1.1 + Submódulo 2.1 | D43: =D22+D40 -> 1194.79
A44: Submódulo 2.2 - Encargos Previdenciários (GPS), Fundo de Garantia por Tempo de Serviço (FGTS) e outras contribuições | C44: Percentual % | D44: Valor (R$)
A45: A | B45: INSS (Previdência Social) | C45: 0.2 | D45: =ROUND(($D$43*C45),2) -> 238.96
A46: B | B46: SESI ou SESC | C46: 0.015 | D46: =ROUND(($D$43*C46),2) -> 17.92
A47: C | B47: SENAI OU SENAC | C47: 0.01 | D47: =ROUND(($D$43*C47),2) -> 11.95
A48: D | B48: INCRA | C48: 0.002 | D48: =ROUND(($D$43*C48),2) -> 2.39
A49: E | B49: Salário Educação | C49: 0.025 | D49: =ROUND(($D$43*C49),2) -> 29.87
A50: F | B50: FGTS | C50: 0.08 | D50: =ROUND(($D$43*C50),2) -> 95.58
A51: G | B51: Seguro Acidente de Trabalho e FAP (RAT AJUSTADO - RELATÓRIO SEFIP/GFIP) | C51: 0.03 | D51: =ROUND(($D$43*C51),2) -> 35.84
A52: H | B52: SEBRAE | C52: 0.006 | D52: =ROUND(($D$43*C52),2) -> 7.17
A53: Total do Submódulo 2.2 | C53: =SUM(C45:C52) -> 0.368 | D53: =SUM(D45:D52) -> 439.68
A54: Submódulo 2.3 - Benefícios Mensais e Diários | D54: Valor (R$)
A55: A | B55: Transporte (Quantidade: 52, Valor da Passagem: R$ 3,70) - 6% | D55: =ROUND(((3.7*52)-(6%*D15)),2) -> 128.67
A56: B | B56: Auxílio Alimentação | D56: =ROUND((13.1*22*0.8),2) -> 230.56
A57: C | B57: Assistência Médica (CCT) | D57: 110
A58: D | B58: Assistência Odontológica | D58: 10
A59: E | B59: Seguro de vida | D59: 2.16
A60: F | B60: Auxílio Funeral
A61: G | B61: Outros (especificar)
A62: Total do Submódulo 2.3 | D62: =SUM(D55:D61) -> 481.39
A64: Quadro-Resumo do Módulo 2 - Encargos e Benefícios anuais, mensais e diários
A65: Item | B65: Encargos e Benefícios Anuais, Mensais e Diários | D65: Valor (R$)
A66: 2.1 | B66: 13º (décimo terceiro) salário e adicional de férias | C66: =C40 -> 0.1249 | D66: =D40 -> 132.66
A67: 2.2 | B67: GPS, FGTS e outras contribuições | C67: =C53 -> 0.368 | D67: =D53 -> 439.68
A68: 2.3 | B68: Benefícios mensais e diários | D68: =D62 -> 481.39
A69: TOTAL DO MÓDULO 2 | C69: =SUM(C66:C68) -> 0.4929 | D69: =SUM(D66:D68) -> 1053.73
A71: MÓDULO 3 - PROVISÃO PARA RESCISÃO
A72: A | B72: Aviso Prévio Indenizado | D72: =ROUND(C72*D34,2) -> 0
A73: B | B73: Incidência do FGTS sobre o Aviso Prévio Indenizado | D73: =ROUND((D72*C73),2) -> 0
A74: C | B74: Multa do FGTS e Contribuição Social sobre o Aviso Prévio Indenizado | D74: =ROUND((D22*C74),2) -> 0
A75: D | B75: Aviso Prévio Trabalhado | D75: =ROUND(((D22+D69)/12+0.5*D46)*C75,2) -> 0
A76: E | B76: Incidência dos encargos do submódulo 2.2 sobre o Aviso Prévio Trabalhado | D76: =ROUND((D75*C76),2) -> 0
A77: F | B77: Multa do FGTS e Contribuição Social sobre o Aviso Prévio Trabalhado | D77: =ROUND(($D$22*C77),2) -> 0
A78: TOTAL DO MÓDULO 3 | C78: =SUM(C72:C77) -> 0 | D78: =ROUND(SUM(D72:D77),2) -> 0
A80: BASE DE CÁLCULO PARA O MÓDULO 4
A81: Submódulo 1.1 + Módulo 2 + Módulo 3 | D81: =D22+D69+D78 -> 2115.86
A83: MÓDULO 4 - CUSTO DE RESPOSIÇÃO DO PROFISSIONAL AUSENTE
A84: Item | B84: Descrição | C84: Percentual % | D84: Valor (R$)
A85: A | B85: Férias | D85: =ROUND(C85*$D$32,2) -> 0
A86: B | B86: Licença paternidade / maternidade | D86: =ROUND(C86*$D$32,2) -> 0
A87: C | B87: Faltas Legais | D87: =ROUND(C87*$D$32,2) -> 0
A88: D | B88: Acidente de Trabalho | D88: =ROUND(C88*$D$32,2) -> 0
A89: F | B89: Outros (especificar) | D89: =ROUND(C89*$D$32,2) -> 0
A90: TOTAL DO MÓDULO 4 | C90: =SUM(C85:C89) -> 0 | D90: =ROUND(SUM(D85:D89),2) -> 0
A92: MÓDULO 5 - Insumos Diversos
A93: Item | B93: Descrição | D93: Valor (R$)
A94: A | B94: Uniformes | D94: =UNIFORMES!H47 -> 0
A95: B | B95: Materiais | D95: =MATERIAIS!H25 -> 0
A96: C | B96: Equipamentos | D96: =EQUIPAMENTOS!H29 -> 0
A97: D | B97: Outros (especificar) | D97: 0
A98: TOTAL DO MÓDULO 5 | D98: =ROUND(SUM(D94:D97),2) -> 0
A100: BASE DE CÁLCULO PARA O MÓDULO 6
A101: Módulo 1 + Módulo 2 + Módulo 3 + Módulo 4 + Módulo 5 | D101: =SUM(D81+D90+D98) -> 2115.86
B102: Módulo 6 - Custos Indiretos, Tributos e Lucro | C102: Percentual % | D102: Valor (R$)
A103: A | B103: Custos Indiretos | C103: 0.0384 | D103: =ROUND(($D$101*C103),2) -> 81.25
A104: B | B104: Lucro | C104: 0.0377 | D104: =ROUND(($D$101*C104),2) -> 79.77
B105: FATURAMENTO (MT + M6A + M6B) | D105: =D101+D103+D104 -> 2276.88
A106: C | B106: Tributos (Cálculo por Dentro) | C106: =(100-(C113*100))/100 -> 0.9135 | D106: =ROUND(D105/C106,2) -> 2492.48
B107: C.1. Tributos Federais (especificar)
B108: C1-A (PIS) | C108: 0.0065 | D108: =ROUND($D$106*C108,2) -> 16.2
B109: C1-B (COFINS) | C109: 0.03 | D109: =ROUND($D$106*C109,2) -> 74.77
...

Sheet 08. JAR
A1: PLANILHA DE CUSTOS E FORMAÇÃO DE PREÇOS
A2: Processo nº
A3: Licitação nº
A4: Data da apresentação da proposta (dia/mês/ano):
A5: Data de apresentação da proposta (mês/ano)
A6: Ano Acordo, Convenção ou Sentença Normativa em Dissídio Coletivo:
A7: Nº de meses de execução contratual: 30 meses
A8: Mão de obra vinculada à execução Contratual: Dedicação Exclusiva
A9: Identificação do Serviço: PRESTAÇÃO DOS SERVIÇOS CONTINUADOS DE APOIO
A10: Salário Normativo da Categoria Profissional:
A11: Categoria profissional (vinculada à execução Contratual):
A12: Data Base da Categoria (dia/mês/ano):
A13: IDENTIFICAÇÃO DO SERVIÇO
A14: Item do TR | B14: Descrição | C14: Carga Horária | D14: Salário
A15: 1 | B15: Jardineiro | C15: 192 h | D15: 1117.8
A16: MÓDULO 1 - COMPOSIÇÃO DA REMUNERAÇÃO
A17: Submódulo 1.1 - Remuneração
A18: Item | B18: Descrição | C18: Percentual % | D18: Valor (R$)
A19: A | B19: Salário-Base | D19: =D15 -> 1117.8
A20: B | B20: Gratificação | C20: 0 | D20: =ROUND((C20*D15),2) -> 0
A21: C | B21: Outros (especificar)
A22: Total do Submódulo 1.1 | D22: =ROUND(SUM(D19:D21),2) -> 1117.8
A23: Submódulo 1.2 - Pagamentos sem natureza remuneratória
A24: Item | B24: Descrição | C24: Percentual % | D24: Valor (R$)
A25: A | B25: Adicional de Boa Permanência | D25: 0
A26: B | B26: Intervalo Intrajornada | C26: 0 | D26: =ROUND((C26*D22),2) -> 0
A27: C | B27: Outros (especificar)
A28: Total do Submódulo 1.2 | D28: =ROUND(SUM(D25:D27),2) -> 0
A30: Quadro-Resumo do Módulo 1 - Composição da Remuneração
A31: Item | B31: Encargos e Benefícios Anuais, Mensais e Diários | D31: Valor (R$)
A32: 1.1 | B32: Remuneração | D32: =D22 -> 1117.8
A33: 1.2 | B33: Pagamentos sem natureza remuneratória e incidência | D33: =D28 -> 0
A34: TOTAL DO MÓDULO 1 | D34: =SUM(D32:D33) -> 1117.8
A36: MÓDULO 2 - Encargos e Benefícios Anuais, Mensais e Diários
A37: Submódulo 2.1 - 13º (décimo terceiro) Salário, Férias e Adicional de Férias | C37: Percentual % | D37: Valor (R$)
A38: A | B38: 13º (décimo terceiro) Salário | C38: 0.0937 | D38: =ROUND(($D$22*C38),2) -> 104.74
A39: B | B39: Adicional de Férias | C39: 0.0312 | D39: =ROUND(($D$22*C39),2) -> 34.88
A40: Total do Submódulo 2.1 | C40: =SUM(C38:C39) -> 0.1249 | D40: =ROUND(SUM(D38:D39),2) -> 139.62
A42: BASE DE CÁLCULO PARA O MÓDULO 2.2
A43: Submódulo 1.1 + Submódulo 2.1 | D43: =D22+D40 -> 1257.42
A44: Submódulo 2.2 - Encargos Previdenciários (GPS), Fundo de Garantia por Tempo de Serviço (FGTS) e outras contribuições | C44: Percentual % | D44: Valor (R$)
A45: A | B45: INSS (Previdência Social) | C45: 0.2 | D45: =ROUND(($D$43*C45),2) -> 251.48
A46: B | B46: SESI ou SESC | C46: 0.015 | D46: =ROUND(($D$43*C46),2) -> 18.86
A47: C | B47: SENAI OU SENAC | C47: 0.01 | D47: =ROUND(($D$43*C47),2) -> 12.57
A48: D | B48: INCRA | C48: 0.002 | D48: =ROUND(($D$43*C48),2) -> 2.51
A49: E | B49: Salário Educação | C49: 0.025 | D49: =ROUND(($D$43*C49),2) -> 31.44
A50: F | B50: FGTS | C50: 0.08 | D50: =ROUND(($D$43*C50),2) -> 100.59
A51: G | B51: Seguro Acidente de Trabalho e FAP (RAT AJUSTADO - RELATÓRIO SEFIP/GFIP) | C51: 0.03 | D51: =ROUND(($D$43*C51),2) -> 37.72
A52: H | B52: SEBRAE | C52: 0.006 | D52: =ROUND(($D$43*C52),2) -> 7.54
A53: Total do Submódulo 2.2 | C53: =SUM(C45:C52) -> 0.368 | D53: =SUM(D45:D52) -> 462.71
A54: Submódulo 2.3 - Benefícios Mensais e Diários | D54: Valor (R$)
A55: A | B55: Transporte (Quantidade: 52, Valor da Passagem: R$ 3,70) - 6% | D55: =ROUND(((3.7*52)-(6%*D15)),2) -> 125.33
A56: B | B56: Auxílio Alimentação | D56: =ROUND((13.1*22*0.8),2) -> 230.56
A57: C | B57: Assistência Médica (CCT) | D57: 110
A58: D | B58: Assistência Odontológica | D58: 10
A59: E | B59: Seguro de vida | D59: 2.16
A60: F | B60: Auxílio Funeral
A61: G | B61: Outros (especificar)
A62: Total do Submódulo 2.3 | D62: =SUM(D55:D61) -> 478.05
A64: Quadro-Resumo do Módulo 2 - Encargos e Benefícios anuais, mensais e diários
A65: Item | B65: Encargos e Benefícios Anuais, Mensais e Diários | D65: Valor (R$)
A66: 2.1 | B66: 13º (décimo terceiro) salário e adicional de férias | C66: =C40 -> 0.1249 | D66: =D40 -> 139.62
A67: 2.2 | B67: GPS, FGTS e outras contribuições | C67: =C53 -> 0.368 | D67: =D53 -> 462.71
A68: 2.3 | B68: Benefícios mensais e diários | D68: =D62 -> 478.05
A69: TOTAL DO MÓDULO 2 | C69: =SUM(C66:C68) -> 0.4929 | D69: =SUM(D66:D68) -> 1080.38
A71: MÓDULO 3 - PROVISÃO PARA RESCISÃO
A72: A | B72: Aviso Prévio Indenizado | D72: =ROUND(C72*D34,2) -> 0
A73: B | B73: Incidência do FGTS sobre o Aviso Prévio Indenizado | D73: =ROUND((D72*C73),2) -> 0
A74: C | B74: Multa do FGTS e Contribuição Social sobre o Aviso Prévio Indenizado | D74: =ROUND((D22*C74),2) -> 0
A75: D | B75: Aviso Prévio Trabalhado | D75: =ROUND(((D22+D69)/12+0.5*D46)*C75,2) -> 0
A76: E | B76: Incidência dos encargos do submódulo 2.2 sobre o Aviso Prévio Trabalhado | D76: =ROUND((D75*C76),2) -> 0
A77: F | B77: Multa do FGTS e Contribuição Social sobre o Aviso Prévio Trabalhado | D77: =ROUND(($D$22*C77),2) -> 0
A78: TOTAL DO MÓDULO 3 | C78: =SUM(C72:C77) -> 0 | D78: =ROUND(SUM(D72:D77),2) -> 0
A80: BASE DE CÁLCULO PARA O MÓDULO 4
A81: Submódulo 1.1 + Módulo 2 + Módulo 3 | D81: =D22+D69+D78 -> 2198.18
A83: MÓDULO 4 - CUSTO DE RESPOSIÇÃO DO PROFISSIONAL AUSENTE
A84: Item | B84: Descrição | C84: Percentual % | D84: Valor (R$)
A85: A | B85: Férias | D85: =ROUND(C85*$D$32,2) -> 0
A86: B | B86: Licença paternidade / maternidade | D86: =ROUND(C86*$D$32,2) -> 0
A87: C | B87: Faltas Legais | D87: =ROUND(C87*$D$32,2) -> 0
A88: D | B88: Acidente de Trabalho | D88: =ROUND(C88*$D$32,2) -> 0
A89: F | B89: Outros (especificar) | D89: =ROUND(C89*$D$32,2) -> 0
A90: TOTAL DO MÓDULO 4 | C90: =SUM(C85:C89) -> 0 | D90: =ROUND(SUM(D85:D89),2) -> 0
A92: MÓDULO 5 - Insumos Diversos
A93: Item | B93: Descrição | D93: Valor (R$)
A94: A | B94: Uniformes | D94: =UNIFORMES!H72 -> 0
A95: B | B95: Materiais | D95: =MATERIAIS!H34 -> 0
A96: C | B96: Equipamentos | D96: =EQUIPAMENTOS!H51 -> 0
A97: D | B97: Outros (especificar) | D97: 0
A98: TOTAL DO MÓDULO 5 | D98: =ROUND(SUM(D94:D97),2) -> 0
A100: BASE DE CÁLCULO PARA O MÓDULO 6
A101: Módulo 1 + Módulo 2 + Módulo 3 + Módulo 4 + Módulo 5 | D101: =SUM(D81+D90+D98) -> 2198.18
B102: Módulo 6 - Custos Indiretos, Tributos e Lucro | C102: Percentual % | D102: Valor (R$)
A103: A | B103: Custos Indiretos | C103: 0.0384 | D103: =ROUND(($D$101*C103),2) -> 84.41
A104: B | B104: Lucro | C104: 0.0377 | D104: =ROUND(($D$101*C104),2) -> 82.87
B105: FATURAMENTO (MT + M6A + M6B) | D105: =D101+D103+D104 -> 2365.46
A106: C | B106: Tributos (Cálculo por Dentro) | C106: =(100-(C113*100))/100 -> 0.9135 | D106: =ROUND(D105/C106,2) -> 2589.45
B107: C.1. Tributos Federais (especificar)
B108: C1-A (PIS) | C108: 0.0065 | D108: =ROUND($D$106*C108,2) -> 16.83
B109: C1-B (COFINS) | C109: 0.03 | D109: =ROUND($D$106*C109,2) -> 77.68
...

Sheet 09. POR
A1: PLANILHA DE CUSTOS E FORMAÇÃO DE PREÇOS
A2: Processo nº
A3: Licitação nº
A4: Data da apresentação da proposta (dia/mês/ano):
A5: Data de apresentação da proposta (mês/ano)
A6: Ano Acordo, Convenção ou Sentença Normativa em Dissídio Coletivo:
A7: Nº de meses de execução contratual: 30 meses
A8: Mão de obra vinculada à execução Contratual: Dedicação Exclusiva
A9: Identificação do Serviço: PRESTAÇÃO DOS SERVIÇOS CONTINUADOS DE APOIO
A10: Salário Normativo da Categoria Profissional:
A11: Categoria profissional (vinculada à execução Contratual):
A12: Data Base da Categoria (dia/mês/ano):
A13: IDENTIFICAÇÃO DO SERVIÇO
A14: Item do TR | B14: Descrição | C14: Carga Horária | D14: Salário
A15: 1 | B15: Porteiro 12X36 Diurno | C15: 192 h | D15: 1128.33
A16: MÓDULO 1 - COMPOSIÇÃO DA REMUNERAÇÃO
A17: Submódulo 1.1 - Remuneração
A18: Item | B18: Descrição | C18: Percentual % | D18: Valor (R$)
A19: A | B19: Salário-Base | D19: =D15 -> 1128.33
A20: B | B20: Gratificação | C20: 0 | D20: =ROUND((C20*D15),2) -> 0
A21: C | B21: Outros (especificar)
A22: Total do Submódulo 1.1 | D22: =ROUND(SUM(D19:D21),2) -> 1128.33
A23: Submódulo 1.2 - Pagamentos sem natureza remuneratória
A24: Item | B24: Descrição | C24: Percentual % | D24: Valor (R$)
A25: A | B25: Adicional de Boa Permanência | D25: 0
A26: B | B26: Intervalo Intrajornada | C26: 0 | D26: =ROUND((C26*D22),2) -> 0
A27: C | B27: Outros (especificar)
A28: Total do Submódulo 1.2 | D28: =ROUND(SUM(D25:D27),2) -> 0
A30: Quadro-Resumo do Módulo 1 - Composição da Remuneração
A31: Item | B31: Encargos e Benefícios Anuais, Mensais e Diários | D31: Valor (R$)
A32: 1.1 | B32: Remuneração | D32: =D22 -> 1128.33
A33: 1.2 | B33: Pagamentos sem natureza remuneratória e incidência | D33: =D28 -> 0
A34: TOTAL DO MÓDULO 1 | D34: =SUM(D32:D33) -> 1128.33
A36: MÓDULO 2 - Encargos e Benefícios Anuais, Mensais e Diários
A37: Submódulo 2.1 - 13º (décimo terceiro) Salário, Férias e Adicional de Férias | C37: Percentual % | D37: Valor (R$)
A38: A | B38: 13º (décimo terceiro) Salário | C38: 0.0937 | D38: =ROUND(($D$22*C38),2) -> 105.72
A39: B | B39: Adicional de Férias | C39: 0.0312 | D39: =ROUND(($D$22*C39),2) -> 35.2
A40: Total do Submódulo 2.1 | C40: =SUM(C38:C39) -> 0.1249 | D40: =ROUND(SUM(D38:D39),2) -> 140.92
A42: BASE DE CÁLCULO PARA O MÓDULO 2.2
A43: Submódulo 1.1 + Submódulo 2.1 | D43: =D22+D40 -> 1269.25
A44: Submódulo 2.2 - Encargos Previdenciários (GPS), Fundo de Garantia por Tempo de Serviço (FGTS) e outras contribuições | C44: Percentual % | D44: Valor (R$)
A45: A | B45: INSS (Previdência Social) | C45: 0.2 | D45: =ROUND(($D$43*C45),2) -> 253.85
A46: B | B46: SESI ou SESC | C46: 0.015 | D46: =ROUND(($D$43*C46),2) -> 19.04
A47: C | B47: SENAI OU SENAC | C47: 0.01 | D47: =ROUND(($D$43*C47),2) -> 12.69
A48: D | B48: INCRA | C48: 0.002 | D48: =ROUND(($D$43*C48),2) -> 2.54
A49: E | B49: Salário Educação | C49: 0.025 | D49: =ROUND(($D$43*C49),2) -> 31.73
A50: F | B50: FGTS | C50: 0.08 | D50: =ROUND(($D$43*C50),2) -> 101.54
A51: G | B51: Seguro Acidente de Trabalho e FAP (RAT AJUSTADO - RELATÓRIO SEFIP/GFIP) | C51: 0.03 | D51: =ROUND(($D$43*C51),2) -> 38.08
A52: H | B52: SEBRAE | C52: 0.006 | D52: =ROUND(($D$43*C52),2) -> 7.62
A53: Total do Submódulo 2.2 | C53: =SUM(C45:C52) -> 0.368 | D53: =SUM(D45:D52) -> 467.09
A54: Submódulo 2.3 - Benefícios Mensais e Diários | D54: Valor (R$)
A55: A | B55: Transporte (Quantidade: 52, Valor da Passagem: R$ 3,70) - 6% | D55: =ROUND(((3.7*52)-(6%*D15)),2) -> 124.7
A56: B | B56: Auxílio Alimentação | D56: =ROUND((13.1*22*0.8),2) -> 230.56
A57: C | B57: Assistência Médica (CCT) | D57: 110
A58: D | B58: Assistência Odontológica | D58: 10
A59: E | B59: Seguro de vida | D59: 2.16
A60: F | B60: Auxílio Funeral
A61: G | B61: Outros (especificar)
A62: Total do Submódulo 2.3 | D62: =SUM(D55:D61) -> 477.42
A64: Quadro-Resumo do Módulo 2 - Encargos e Benefícios anuais, mensais e diários
A65: Item | B65: Encargos e Benefícios Anuais, Mensais e Diários | D65: Valor (R$)
A66: 2.1 | B66: 13º (décimo terceiro) salário e adicional de férias | C66: =C40 -> 0.1249 | D66: =D40 -> 140.92
A67: 2.2 | B67: GPS, FGTS e outras contribuições | C67: =C53 -> 0.368 | D67: =D53 -> 467.09
A68: 2.3 | B68: Benefícios mensais e diários | D68: =D62 -> 477.42
A69: TOTAL DO MÓDULO 2 | C69: =SUM(C66:C68) -> 0.4929 | D69: =SUM(D66:D68) -> 1085.43
A71: MÓDULO 3 - PROVISÃO PARA RESCISÃO
A72: A | B72: Aviso Prévio Indenizado | D72: =ROUND(C72*D34,2) -> 0
A73: B | B73: Incidência do FGTS sobre o Aviso Prévio Indenizado | D73: =ROUND((D72*C73),2) -> 0
A74: C | B74: Multa do FGTS e Contribuição Social sobre o Aviso Prévio Indenizado | D74: =ROUND((D22*C74),2) -> 0
A75: D | B75: Aviso Prévio Trabalhado | D75: =ROUND(((D22+D69)/12+0.5*D46)*C75,2) -> 0
A76: E | B76: Incidência dos encargos do submódulo 2.2 sobre o Aviso Prévio Trabalhado | D76: =ROUND((D75*C76),2) -> 0
A77: F | B77: Multa do FGTS e Contribuição Social sobre o Aviso Prévio Trabalhado | D77: =ROUND(($D$22*C77),2) -> 0
A78: TOTAL DO MÓDULO 3 | C78: =SUM(C72:C77) -> 0 | D78: =ROUND(SUM(D72:D77),2) -> 0
A80: BASE DE CÁLCULO PARA O MÓDULO 4
A81: Submódulo 1.1 + Módulo 2 + Módulo 3 | D81: =D22+D69+D78 -> 2213.76
A83: MÓDULO 4 - CUSTO DE RESPOSIÇÃO DO PROFISSIONAL AUSENTE
A84: Item | B84: Descrição | C84: Percentual % | D84: Valor (R$)
A85: A | B85: Férias | D85: =ROUND(C85*$D$32,2) -> 0
A86: B | B86: Licença paternidade / maternidade | D86: =ROUND(C86*$D$32,2) -> 0
A87: C | B87: Faltas Legais | D87: =ROUND(C87*$D$32,2) -> 0
A88: D | B88: Acidente de Trabalho | D88: =ROUND(C88*$D$32,2) -> 0
A89: F | B89: Outros (especificar) | D89: =ROUND(C89*$D$32,2) -> 0
A90: TOTAL DO MÓDULO 4 | C90: =SUM(C85:C89) -> 0 | D90: =ROUND(SUM(D85:D89),2) -> 0
A92: MÓDULO 5 - Insumos Diversos
A93: Item | B93: Descrição | D93: Valor (R$)
A94: A | B94: Uniformes | D94: =UNIFORMES!H22 -> 0
A95: B | B95: Materiais | D95: =MATERIAIS!H40 -> 0
A96: C | B96: Equipamentos | D96: 0
A97: D | B97: Outros (especificar) | D97: 0
A98: TOTAL DO MÓDULO 5 | D98: =ROUND(SUM(D94:D97),2) -> 0
A100: BASE DE CÁLCULO PARA O MÓDULO 6
A101: Módulo 1 + Módulo 2 + Módulo 3 + Módulo 4 + Módulo 5 | D101: =SUM(D81+D90+D98) -> 2213.76
B102: Módulo 6 - Custos Indiretos, Tributos e Lucro | C102: Percentual % | D102: Valor (R$)
A103: A | B103: Custos Indiretos | D103: =ROUND(($D$101*C103),2) -> 0
A104: B | B104: Lucro | D104: =ROUND(($D$101*C104),2) -> 0
B105: FATURAMENTO (MT + M6A + M6B) | D105: =D101+D103+D104 -> 2213.76
A106: C | B106: Tributos (Cálculo por Dentro) | C106: =(100-(C113*100))/100 -> 0.9135 | D106: =ROUND(D105/C106,2) -> 2423.38
B107: C.1. Tributos Federais (especificar)
B108: C1-A (PIS) | C108: 0.0065 | D108: =ROUND($D$106*C108,2) -> 15.75
B109: C1-B (COFINS) | C109: 0.03 | D109: =ROUND($D$106*C109,2) -> 72.7
...

Sheet 10. POR
A1: PLANILHA DE CUSTOS E FORMAÇÃO DE PREÇOS
A2: Processo nº
A3: Licitação nº
A4: Data da apresentação da proposta (dia/mês/ano):
A5: Data de apresentação da proposta (mês/ano)
A6: Ano Acordo, Convenção ou Sentença Normativa em Dissídio Coletivo:
A7: Nº de meses de execução contratual: 30 meses
A8: Mão de obra vinculada à execução Contratual: Dedicação Exclusiva
A9: Identificação do Serviço: PRESTAÇÃO DOS SERVIÇOS CONTINUADOS DE APOIO
A10: Salário Normativo da Categoria Profissional:
A11: Categoria profissional (vinculada à execução Contratual):
A12: Data Base da Categoria (dia/mês/ano):
A13: IDENTIFICAÇÃO DO SERVIÇO
A14: Item do TR | B14: Descrição | C14: Carga Horária | D14: Salário
A15: 1 | B15: Porteiro 12X36 Noturno | C15: 192 | D15: 1128.33
A16: MÓDULO 1 - COMPOSIÇÃO DA REMUNERAÇÃO
A17: Submódulo 1.1 - Remuneração
A18: Item | B18: Descrição | C18: Percentual % | D18: Valor (R$)
A19: A | B19: Salário-Base | D19: =D15 -> 1128.33
A20: B | B20: Adicional Noturno | C20: 0.225 | D20: =(7*(192/12)*(D15/C15)*C20) -> 148.09331
A21: C | B21: Outros (especificar)
A22: Total do Submódulo 1.1 | D22: =ROUND(SUM(D19:D21),2) -> 1276.42
A23: Submódulo 1.2 - Pagamentos sem natureza remuneratória
A24: Item | B24: Descrição | C24: Percentual % | D24: Valor (R$)
A25: A | B25: Adicional de Boa Permanência | D25: 0
A26: B | B26: Intervalo Intrajornada | C26: 0 | D26: =ROUND((C26*D22),2) -> 0
A27: C | B27: Outros (especificar)
A28: Total do Submódulo 1.2 | D28: =ROUND(SUM(D25:D27),2) -> 0
A30: Quadro-Resumo do Módulo 1 - Composição da Remuneração
A31: Item | B31: Encargos e Benefícios Anuais, Mensais e Diários | D31: Valor (R$)
A32: 1.1 | B32: Remuneração | D32: =D22 -> 1276.42
A33: 1.2 | B33: Pagamentos sem natureza remuneratória e incidência | D33: =D28 -> 0
A34: TOTAL DO MÓDULO 1 | D34: =SUM(D32:D33) -> 1276.42
A36: MÓDULO 2 - Encargos e Benefícios Anuais, Mensais e Diários
A37: Submódulo 2.1 - 13º (décimo terceiro) Salário, Férias e Adicional de Férias | C37: Percentual % | D37: Valor (R$)
A38: A | B38: 13º (décimo terceiro) Salário | C38: 0.0937 | D38: =ROUND(($D$22*C38),2) -> 119.6
A39: B | B39: Adicional de Férias | C39: 0.0312 | D39: =ROUND(($D$22*C39),2) -> 39.82
A40: Total do Submódulo 2.1 | C40: =SUM(C38:C39) -> 0.1249 | D40: =ROUND(SUM(D38:D39),2) -> 159.42
A42: BASE DE CÁLCULO PARA O MÓDULO 2.2
A43: Submódulo 1.1 + Submódulo 2.1 | D43: =D22+D40 -> 1435.84
A44: Submódulo 2.2 - Encargos Previdenciários (GPS), Fundo de Garantia por Tempo de Serviço (FGTS) e outras contribuições | C44: Percentual % | D44: Valor (R$)
A45: A | B45: INSS (Previdência Social) | C45: 0.2 | D45: =ROUND(($D$43*C45),2) -> 287.17
A46: B | B46: SESI ou SESC | C46: 0.015 | D46: =ROUND(($D$43*C46),2) -> 21.54
A47: C | B47: SENAI OU SENAC | C47: 0.01 | D47: =ROUND(($D$43*C47),2) -> 14.36
A48: D | B48: INCRA | C48: 0.002 | D48: =ROUND(($D$43*C48),2) -> 2.87
A49: E | B49: Salário Educação | C49: 0.025 | D49: =ROUND(($D$43*C49),2) -> 35.9
A50: F | B50: FGTS | C50: 0.08 | D50: =ROUND(($D$43*C50),2) -> 114.87
A51: G | B51: Seguro Acidente de Trabalho e FAP (RAT AJUSTADO - RELATÓRIO SEFIP/GFIP) | C51: 0.03 | D51: =ROUND(($D$43*C51),2) -> 43.08
A52: H | B52: SEBRAE | C52: 0.006 | D52: =ROUND(($D$43*C52),2) -> 8.62
A53: Total do Submódulo 2.2 | C53: =SUM(C45:C52) -> 0.368 | D53: =SUM(D45:D52) -> 528.41
A54: Submódulo 2.3 - Benefícios Mensais e Diários | D54: Valor (R$)
A55: A | B55: Transporte (Quantidade: 52, Valor da Passagem: R$ 3,70) - 6% | D55: =ROUND(((3.7*52)-(6%*D15)),2) -> 124.7
A56: B | B56: Auxílio Alimentação | D56: =ROUND((13.1*22*0.8),2) -> 230.56
A57: C | B57: Assistência Médica (CCT) | D57: 110
A58: D | B58: Assistência Odontológica | D58: 10
A59: E | B59: Seguro de vida | D59: 2.16
A60: F | B60: Auxílio Funeral
A61: G | B61: Outros (especificar)
A62: Total do Submódulo 2.3 | D62: =SUM(D55:D61) -> 477.42
A64: Quadro-Resumo do Módulo 2 - Encargos e Benefícios anuais, mensais e diários
A65: Item | B65: Encargos e Benefícios Anuais, Mensais e Diários | D65: Valor (R$)
A66: 2.1 | B66: 13º (décimo terceiro) salário e adicional de férias | C66: =C40 -> 0.1249 | D66: =D40 -> 159.42
A67: 2.2 | B67: GPS, FGTS e outras contribuições | C67: =C53 -> 0.368 | D67: =D53 -> 528.41
A68: 2.3 | B68: Benefícios mensais e diários | D68: =D62 -> 477.42
A69: TOTAL DO MÓDULO 2 | C69: =SUM(C66:C68) -> 0.4929 | D69: =SUM(D66:D68) -> 1165.25
A71: MÓDULO 3 - PROVISÃO PARA RESCISÃO
A72: A | B72: Aviso Prévio Indenizado | D72: =ROUND(C72*D34,2) -> 0
A73: B | B73: Incidência do FGTS sobre o Aviso Prévio Indenizado | D73: =ROUND((D72*C73),2) -> 0
A74: C | B74: Multa do FGTS e Contribuição Social sobre o Aviso Prévio Indenizado | D74: =ROUND((D22*C74),2) -> 0
A75: D | B75: Aviso Prévio Trabalhado | D75: =ROUND(((D22+D69)/12+0.5*D46)*C75,2) -> 0
A76: E | B76: Incidência dos encargos do submódulo 2.2 sobre o Aviso Prévio Trabalhado | D76: =ROUND((D75*C76),2) -> 0
A77: F | B77: Multa do FGTS e Contribuição Social sobre o Aviso Prévio Trabalhado | D77: =ROUND(($D$22*C77),2) -> 0
A78: TOTAL DO MÓDULO 3 | C78: =SUM(C72:C77) -> 0 | D78: =ROUND(SUM(D72:D77),2) -> 0
A80: BASE DE CÁLCULO PARA O MÓDULO 4
A81: Submódulo 1.1 + Módulo 2 + Módulo 3 | D81: =D22+D69+D78 -> 2441.67
A83: MÓDULO 4 - CUSTO DE RESPOSIÇÃO DO PROFISSIONAL AUSENTE
A84: Item | B84: Descrição | C84: Percentual % | D84: Valor (R$)
A85: A | B85: Férias | D85: =ROUND(C85*$D$32,2) -> 0
A86: B | B86: Licença paternidade / maternidade | D86: =ROUND(C86*$D$32,2) -> 0
A87: C | B87: Faltas Legais | D87: =ROUND(C87*$D$32,2) -> 0
A88: D | B88: Acidente de Trabalho | D88: =ROUND(C88*$D$32,2) -> 0
A89: F | B89: Outros (especificar) | D89: =ROUND(C89*$D$32,2) -> 0
A90: TOTAL DO MÓDULO 4 | C90: =SUM(C85:C89) -> 0 | D90: =ROUND(SUM(D85:D89),2) -> 0
A92: MÓDULO 5 - Insumos Diversos
A93: Item | B93: Descrição | D93: Valor (R$)
A94: A | B94: Uniformes | D94: =UNIFORMES!H22 -> 0
A95: B | B95: Materiais | D95: =MATERIAIS!H40 -> 0
A96: C | B96: Equipamentos | D96: 0
A97: D | B97: Outros (especificar) | D97: 0
A98: TOTAL DO MÓDULO 5 | D98: =ROUND(SUM(D94:D97),2) -> 0
A100: BASE DE CÁLCULO PARA O MÓDULO 6
A101: Módulo 1 + Módulo 2 + Módulo 3 + Módulo 4 + Módulo 5 | D101: =SUM(D81+D90+D98) -> 2441.67
B102: Módulo 6 - Custos Indiretos, Tributos e Lucro | C102: Percentual % | D102: Valor (R$)
A103: A | B103: Custos Indiretos | D103: =ROUND(($D$101*C103),2) -> 0
A104: B | B104: Lucro | D104: =ROUND(($D$101*C104),2) -> 0
B105: FATURAMENTO (MT + M6A + M6B) | D105: =D101+D103+D104 -> 2441.67
A106: C | B106: Tributos (Cálculo por Dentro) | C106: =(100-(C113*100))/100 -> 0.9135 | D106: =ROUND(D105/C106,2) -> 2672.87
B107: C.1. Tributos Federais (especificar)
B108: C1-A (PIS) | C108: 0.0065 | D108: =ROUND($D$106*C108,2) -> 17.37
B109: C1-B (COFINS) | C109: 0.03 | D109: =ROUND($D$106*C109,2) -> 80.19
...

Sheet 11. POR
A1: PLANILHA DE CUSTOS E FORMAÇÃO DE PREÇOS
A2: Processo nº
A3: Licitação nº
A4: Data da apresentação da proposta (dia/mês/ano):
A5: Data de apresentação da proposta (mês/ano)
A6: Ano Acordo, Convenção ou Sentença Normativa em Dissídio Coletivo:
A7: Nº de meses de execução contratual: 30 meses
A8: Mão de obra vinculada à execução Contratual: Dedicação Exclusiva
A9: Identificação do Serviço: PRESTAÇÃO DOS SERVIÇOS CONTINUADOS DE APOIO
A10: Salário Normativo da Categoria Profissional:
A11: Categoria profissional (vinculada à execução Contratual):
A12: Data Base da Categoria (dia/mês/ano):
A13: IDENTIFICAÇÃO DO SERVIÇO
A14: Item do TR | B14: Descrição | C14: Carga Horária | D14: Salário
A15: 1 | B15: PORTEIRO 44H | C15: 192 h | D15: 1128.33
A16: MÓDULO 1 - COMPOSIÇÃO DA REMUNERAÇÃO
A17: Submódulo 1.1 - Remuneração
A18: Item | B18: Descrição | C18: Percentual % | D18: Valor (R$)
A19: A | B19: Salário-Base | D19: =D15 -> 1128.33
A20: B | B20: Gratificação | C20: 0 | D20: =ROUND((C20*D15),2) -> 0
A21: C | B21: Outros (especificar)
A22: Total do Submódulo 1.1 | D22: =ROUND(SUM(D19:D21),2) -> 1128.33
A23: Submódulo 1.2 - Pagamentos sem natureza remuneratória
A24: Item | B24: Descrição | C24: Percentual % | D24: Valor (R$)
A25: A | B25: Adicional de Boa Permanência | D25: 0
A26: B | B26: Intervalo Intrajornada | C26: 0 | D26: =ROUND((C26*D22),2) -> 0
A27: C | B27: Outros (especificar)
A28: Total do Submódulo 1.2 | D28: =ROUND(SUM(D25:D27),2) -> 0
A30: Quadro-Resumo do Módulo 1 - Composição da Remuneração
A31: Item | B31: Encargos e Benefícios Anuais, Mensais e Diários | D31: Valor (R$)
A32: 1.1 | B32: Remuneração | D32: =D22 -> 1128.33
A33: 1.2 | B33: Pagamentos sem natureza remuneratória e incidência | D33: =D28 -> 0
A34: TOTAL DO MÓDULO 1 | D34: =SUM(D32:D33) -> 1128.33
A36: MÓDULO 2 - Encargos e Benefícios Anuais, Mensais e Diários
A37: Submódulo 2.1 - 13º (décimo terceiro) Salário, Férias e Adicional de Férias | C37: Percentual % | D37: Valor (R$)
A38: A | B38: 13º (décimo terceiro) Salário | C38: 0.0937 | D38: =ROUND(($D$22*C38),2) -> 105.72
A39: B | B39: Adicional de Férias | C39: 0.0312 | D39: =ROUND(($D$22*C39),2) -> 35.2
A40: Total do Submódulo 2.1 | C40: =SUM(C38:C39) -> 0.1249 | D40: =ROUND(SUM(D38:D39),2) -> 140.92
A42: BASE DE CÁLCULO PARA O MÓDULO 2.2
A43: Submódulo 1.1 + Submódulo 2.1 | D43: =D22+D40 -> 1269.25
A44: Submódulo 2.2 - Encargos Previdenciários (GPS), Fundo de Garantia por Tempo de Serviço (FGTS) e outras contribuições | C44: Percentual % | D44: Valor (R$)
A45: A | B45: INSS (Previdência Social) | C45: 0.2 | D45: =ROUND(($D$43*C45),2) -> 253.85
A46: B | B46: SESI ou SESC | C46: 0.015 | D46: =ROUND(($D$43*C46),2) -> 19.04
A47: C | B47: SENAI OU SENAC | C47: 0.01 | D47: =ROUND(($D$43*C47),2) -> 12.69
A48: D | B48: INCRA | C48: 0.002 | D48: =ROUND(($D$43*C48),2) -> 2.54
A49: E | B49: Salário Educação | C49: 0.025 | D49: =ROUND(($D$43*C49),2) -> 31.73
A50: F | B50: FGTS | C50: 0.08 | D50: =ROUND(($D$43*C50),2) -> 101.54
A51: G | B51: Seguro Acidente de Trabalho e FAP (RAT AJUSTADO - RELATÓRIO SEFIP/GFIP) | C51: 0.03 | D51: =ROUND(($D$43*C51),2) -> 38.08
A52: H | B52: SEBRAE | C52: 0.006 | D52: =ROUND(($D$43*C52),2) -> 7.62
A53: Total do Submódulo 2.2 | C53: =SUM(C45:C52) -> 0.368 | D53: =SUM(D45:D52) -> 467.09
A54: Submódulo 2.3 - Benefícios Mensais e Diários | D54: Valor (R$)
A55: A | B55: Transporte (Quantidade: 52, Valor da Passagem: R$ 3,70) - 6% | D55: =ROUND(((3.7*52)-(6%*D15)),2) -> 124.7
A56: B | B56: Auxílio Alimentação | D56: =ROUND((13.1*22*0.8),2) -> 230.56
A57: C | B57: Assistência Médica (CCT) | D57: 110
A58: D | B58: Assistência Odontológica | D58: 10
A59: E | B59: Seguro de vida | D59: 2.16
A60: F | B60: Auxílio Funeral
A61: G | B61: Outros (especificar)
A62: Total do Submódulo 2.3 | D62: =SUM(D55:D61) -> 477.42
A64: Quadro-Resumo do Módulo 2 - Encargos e Benefícios anuais, mensais e diários
A65: Item | B65: Encargos e Benefícios Anuais, Mensais e Diários | D65: Valor (R$)
A66: 2.1 | B66: 13º (décimo terceiro) salário e adicional de férias | C66: =C40 -> 0.1249 | D66: =D40 -> 140.92
A67: 2.2 | B67: GPS, FGTS e outras contribuições | C67: =C53 -> 0.368 | D67: =D53 -> 467.09
A68: 2.3 | B68: Benefícios mensais e diários | D68: =D62 -> 477.42
A69: TOTAL DO MÓDULO 2 | C69: =SUM(C66:C68) -> 0.4929 | D69: =SUM(D66:D68) -> 1085.43
A71: MÓDULO 3 - PROVISÃO PARA RESCISÃO
A72: A | B72: Aviso Prévio Indenizado | D72: =ROUND(C72*D34,2) -> 0
A73: B | B73: Incidência do FGTS sobre o Aviso Prévio Indenizado | D73: =ROUND((D72*C73),2) -> 0
A74: C | B74: Multa do FGTS e Contribuição Social sobre o Aviso Prévio Indenizado | D74: =ROUND((D22*C74),2) -> 0
A75: D | B75: Aviso Prévio Trabalhado | D75: =ROUND(((D22+D69)/12+0.5*D46)*C75,2) -> 0
A76: E | B76: Incidência dos encargos do submódulo 2.2 sobre o Aviso Prévio Trabalhado | D76: =ROUND((D75*C76),2) -> 0
A77: F | B77: Multa do FGTS e Contribuição Social sobre o Aviso Prévio Trabalhado | D77: =ROUND(($D$22*C77),2) -> 0
A78: TOTAL DO MÓDULO 3 | C78: =SUM(C72:C77) -> 0 | D78: =ROUND(SUM(D72:D77),2) -> 0
A80: BASE DE CÁLCULO PARA O MÓDULO 4
A81: Submódulo 1.1 + Módulo 2 + Módulo 3 | D81: =D22+D69+D78 -> 2213.76
A83: MÓDULO 4 - CUSTO DE RESPOSIÇÃO DO PROFISSIONAL AUSENTE
A84: Item | B84: Descrição | C84: Percentual % | D84: Valor (R$)
A85: A | B85: Férias | D85: =ROUND(C85*$D$32,2) -> 0
A86: B | B86: Licença paternidade / maternidade | D86: =ROUND(C86*$D$32,2) -> 0
A87: C | B87: Faltas Legais | D87: =ROUND(C87*$D$32,2) -> 0
A88: D | B88: Acidente de Trabalho | D88: =ROUND(C88*$D$32,2) -> 0
A89: F | B89: Outros (especificar) | D89: =ROUND(C89*$D$32,2) -> 0
A90: TOTAL DO MÓDULO 4 | C90: =SUM(C85:C89) -> 0 | D90: =ROUND(SUM(D85:D89),2) -> 0
A92: MÓDULO 5 - Insumos Diversos
A93: Item | B93: Descrição | D93: Valor (R$)
A94: A | B94: Uniformes | D94: =UNIFORMES!H22 -> 0
A95: B | B95: Materiais | D95: =MATERIAIS!H40 -> 0
A96: C | B96: Equipamentos | D96: 0
A97: D | B97: Outros (especificar) | D97: 0
A98: TOTAL DO MÓDULO 5 | D98: =ROUND(SUM(D94:D97),2) -> 0
A100: BASE DE CÁLCULO PARA O MÓDULO 6
A101: Módulo 1 + Módulo 2 + Módulo 3 + Módulo 4 + Módulo 5 | D101: =SUM(D81+D90+D98) -> 2213.76
B102: Módulo 6 - Custos Indiretos, Tributos e Lucro | C102: Percentual % | D102: Valor (R$)
A103: A | B103: Custos Indiretos | D103: =ROUND(($D$101*C103),2) -> 0
A104: B | B104: Lucro | D104: =ROUND(($D$101*C104),2) -> 0
B105: FATURAMENTO (MT + M6A + M6B) | D105: =D101+D103+D104 -> 2213.76
A106: C | B106: Tributos (Cálculo por Dentro) | C106: =(100-(C113*100))/100 -> 0.9135 | D106: =ROUND(D105/C106,2) -> 2423.38
B107: C.1. Tributos Federais (especificar)
B108: C1-A (PIS) | C108: 0.0065 | D108: =ROUND($D$106*C108,2) -> 15.75
B109: C1-B (COFINS) | C109: 0.03 | D109: =ROUND($D$106*C109,2) -> 72.7
...

Sheet 12. REC
A1: PLANILHA DE CUSTOS E FORMAÇÃO DE PREÇOS
A2: Processo nº
A3: Licitação nº
A4: Data da apresentação da proposta (dia/mês/ano):
A5: Data de apresentação da proposta (mês/ano)
A6: Ano Acordo, Convenção ou Sentença Normativa em Dissídio Coletivo:
A7: Nº de meses de execução contratual: 30 meses
A8: Mão de obra vinculada à execução Contratual: Dedicação Exclusiva
A9: Identificação do Serviço: PRESTAÇÃO DOS SERVIÇOS CONTINUADOS DE APOIO
A10: Salário Normativo da Categoria Profissional:
A11: Categoria profissional (vinculada à execução Contratual):
A12: Data Base da Categoria (dia/mês/ano):
A13: IDENTIFICAÇÃO DO SERVIÇO
A14: Item do TR | B14: Descrição | C14: Carga Horária | D14: Salário
A15: 1 | B15: Recpecionista II | C15: 192 h | D15: 1161.78
A16: MÓDULO 1 - COMPOSIÇÃO DA REMUNERAÇÃO
A17: Submódulo 1.1 - Remuneração
A18: Item | B18: Descrição | C18: Percentual % | D18: Valor (R$)
A19: A | B19: Salário-Base | D19: =D15 -> 1161.78
A20: B | B20: Gratificação | C20: 0 | D20: =ROUND((C20*D15),2) -> 0
A21: C | B21: Outros (especificar)
A22: Total do Submódulo 1.1 | D22: =ROUND(SUM(D19:D21),2) -> 1161.78
A23: Submódulo 1.2 - Pagamentos sem natureza remuneratória
A24: Item | B24: Descrição | C24: Percentual % | D24: Valor (R$)
A25: A | B25: Adicional de Boa Permanência | D25: 0
A26: B | B26: Intervalo Intrajornada | C26: 0 | D26: =ROUND((C26*D22),2) -> 0
A27: C | B27: Outros (especificar)
A28: Total do Submódulo 1.2 | D28: =ROUND(SUM(D25:D27),2) -> 0
A30: Quadro-Resumo do Módulo 1 - Composição da Remuneração
A31: Item | B31: Encargos e Benefícios Anuais, Mensais e Diários | D31: Valor (R$)
A32: 1.1 | B32: Remuneração | D32: =D22 -> 1161.78
A33: 1.2 | B33: Pagamentos sem natureza remuneratória e incidência | D33: =D28 -> 0
A34: TOTAL DO MÓDULO 1 | D34: =SUM(D32:D33) -> 1161.78
A36: MÓDULO 2 - Encargos e Benefícios Anuais, Mensais e Diários
A37: Submódulo 2.1 - 13º (décimo terceiro) Salário, Férias e Adicional de Férias | C37: Percentual % | D37: Valor (R$)
A38: A | B38: 13º (décimo terceiro) Salário | C38: 0.0937 | D38: =ROUND(($D$22*C38),2) -> 108.86
A39: B | B39: Adicional de Férias | C39: 0.0312 | D39: =ROUND(($D$22*C39),2) -> 36.25
A40: Total do Submódulo 2.1 | C40: =SUM(C38:C39) -> 0.1249 | D40: =ROUND(SUM(D38:D39),2) -> 145.11
A42: BASE DE CÁLCULO PARA O MÓDULO 2.2
A43: Submódulo 1.1 + Submódulo 2.1 | D43: =D22+D40 -> 1306.89
A44: Submódulo 2.2 - Encargos Previdenciários (GPS), Fundo de Garantia por Tempo de Serviço (FGTS) e outras contribuições | C44: Percentual % | D44: Valor (R$)
A45: A | B45: INSS (Previdência Social) | C45: 0.2 | D45: =ROUND(($D$43*C45),2) -> 261.38
A46: B | B46: SESI ou SESC | C46: 0.015 | D46: =ROUND(($D$43*C46),2) -> 19.6
A47: C | B47: SENAI OU SENAC | C47: 0.01 | D47: =ROUND(($D$43*C47),2) -> 13.07
A48: D | B48: INCRA | C48: 0.002 | D48: =ROUND(($D$43*C48),2) -> 2.61
A49: E | B49: Salário Educação | C49: 0.025 | D49: =ROUND(($D$43*C49),2) -> 32.67
A50: F | B50: FGTS | C50: 0.08 | D50: =ROUND(($D$43*C50),2) -> 104.55
A51: G | B51: Seguro Acidente de Trabalho e FAP (RAT AJUSTADO - RELATÓRIO SEFIP/GFIP) | C51: 0.03 | D51: =ROUND(($D$43*C51),2) -> 39.21
A52: H | B52: SEBRAE | C52: 0.006 | D52: =ROUND(($D$43*C52),2) -> 7.84
A53: Total do Submódulo 2.2 | C53: =SUM(C45:C52) -> 0.368 | D53: =SUM(D45:D52) -> 480.93
A54: Submódulo 2.3 - Benefícios Mensais e Diários | D54: Valor (R$)
A55: A | B55: Transporte (Quantidade: 52, Valor da Passagem: R$ 3,70) - 6% | D55: =ROUND(((3.7*52)-(6%*D15)),2) -> 122.69
A56: B | B56: Auxílio Alimentação | D56: =ROUND((13.1*22*0.8),2) -> 230.56
A57: C | B57: Assistência Médica (CCT) | D57: 110
A58: D | B58: Assistência Odontológica | D58: 10
A59: E | B59: Seguro de vida | D59: 2.16
A60: F | B60: Auxílio Funeral
A61: G | B61: Outros (especificar)
A62: Total do Submódulo 2.3 | D62: =SUM(D55:D61) -> 475.41
A64: Quadro-Resumo do Módulo 2 - Encargos e Benefícios anuais, mensais e diários
A65: Item | B65: Encargos e Benefícios Anuais, Mensais e Diários | D65: Valor (R$)
A66: 2.1 | B66: 13º (décimo terceiro) salário e adicional de férias | C66: =C40 -> 0.1249 | D66: =D40 -> 145.11
A67: 2.2 | B67: GPS, FGTS e outras contribuições | C67: =C53 -> 0.368 | D67: =D53 -> 480.93
A68: 2.3 | B68: Benefícios mensais e diários | D68: =D62 -> 475.41
A69: TOTAL DO MÓDULO 2 | C69: =SUM(C66:C68) -> 0.4929 | D69: =SUM(D66:D68) -> 1101.45
A71: MÓDULO 3 - PROVISÃO PARA RESCISÃO
A72: A | B72: Aviso Prévio Indenizado | D72: =ROUND(C72*D34,2) -> 0
A73: B | B73: Incidência do FGTS sobre o Aviso Prévio Indenizado | D73: =ROUND((D72*C73),2) -> 0
A74: C | B74: Multa do FGTS e Contribuição Social sobre o Aviso Prévio Indenizado | D74: =ROUND((D22*C74),2) -> 0
A75: D | B75: Aviso Prévio Trabalhado | D75: =ROUND(((D22+D69)/12+0.5*D46)*C75,2) -> 0
A76: E | B76: Incidência dos encargos do submódulo 2.2 sobre o Aviso Prévio Trabalhado | D76: =ROUND((D75*C76),2) -> 0
A77: F | B77: Multa do FGTS e Contribuição Social sobre o Aviso Prévio Trabalhado | D77: =ROUND(($D$22*C77),2) -> 0
A78: TOTAL DO MÓDULO 3 | C78: =SUM(C72:C77) -> 0 | D78: =ROUND(SUM(D72:D77),2) -> 0
A80: BASE DE CÁLCULO PARA O MÓDULO 4
A81: Submódulo 1.1 + Módulo 2 + Módulo 3 | D81: =D22+D69+D78 -> 2263.23
A83: MÓDULO 4 - CUSTO DE RESPOSIÇÃO DO PROFISSIONAL AUSENTE
A84: Item | B84: Descrição | C84: Percentual % | D84: Valor (R$)
A85: A | B85: Férias | D85: =ROUND(C85*$D$32,2) -> 0
A86: B | B86: Licença paternidade / maternidade | D86: =ROUND(C86*$D$32,2) -> 0
A87: C | B87: Faltas Legais | D87: =ROUND(C87*$D$32,2) -> 0
A88: D | B88: Acidente de Trabalho | D88: =ROUND(C88*$D$32,2) -> 0
A89: F | B89: Outros (especificar) | D89: =ROUND(C89*$D$32,2) -> 0
A90: TOTAL DO MÓDULO 4 | C90: =SUM(C85:C89) -> 0 | D90: =ROUND(SUM(D85:D89),2) -> 0
A92: MÓDULO 5 - Insumos Diversos
A93: Item | B93: Descrição | D93: Valor (R$)
A94: A | B94: Uniformes | D94: =UNIFORMES!H22 -> 0
A95: B | B95: Materiais | D95: 0
A96: C | B96: Equipamentos | D96: 0
A97: D | B97: Outros (especificar) | D97: 0
A98: TOTAL DO MÓDULO 5 | D98: =ROUND(SUM(D94:D97),2) -> 0
A100: BASE DE CÁLCULO PARA O MÓDULO 6
A101: Módulo 1 + Módulo 2 + Módulo 3 + Módulo 4 + Módulo 5 | D101: =SUM(D81+D90+D98) -> 2263.23
B102: Módulo 6 - Custos Indiretos, Tributos e Lucro | C102: Percentual % | D102: Valor (R$)
A103: A | B103: Custos Indiretos | D103: =ROUND(($D$101*C103),2) -> 0
A104: B | B104: Lucro | D104: =ROUND(($D$101*C104),2) -> 0
B105: FATURAMENTO (MT + M6A + M6B) | D105: =D101+D103+D104 -> 2263.23
A106: C | B106: Tributos (Cálculo por Dentro) | C106: =(100-(C113*100))/100 -> 0.9135 | D106: =ROUND(D105/C106,2) -> 2477.54
B107: C.1. Tributos Federais (especificar)
B108: C1-A (PIS) | C108: 0.0065 | D108: =ROUND($D$106*C108,2) -> 16.1
B109: C1-B (COFINS) | C109: 0.03 | D109: =ROUND($D$106*C109,2) -> 74.33
...

Sheet 13. LEDOR
A1: PLANILHA DE CUSTOS E FORMAÇÃO DE PREÇOS
A2: Processo nº
A3: Licitação nº
A4: Data da apresentação da proposta (dia/mês/ano):
A5: Data de apresentação da proposta (mês/ano)
A6: Ano Acordo, Convenção ou Sentença Normativa em Dissídio Coletivo:
A7: Nº de meses de execução contratual: 30 meses
A8: Mão de obra vinculada à execução Contratual: Dedicação Exclusiva
A9: Identificação do Serviço: PRESTAÇÃO DOS SERVIÇOS CONTINUADOS DE APOIO
A10: Salário Normativo da Categoria Profissional:
A11: Categoria profissional (vinculada à execução Contratual):
A12: Data Base da Categoria (dia/mês/ano):
A13: IDENTIFICAÇÃO DO SERVIÇO
A14: Item do TR | B14: Descrição | C14: Carga Horária | D14: Salário
A15: 1 | B15: Ledor (Recepcionista V) | C15: 96 | D15: 1957.28
A16: MÓDULO 1 - COMPOSIÇÃO DA REMUNERAÇÃO
A17: Submódulo 1.1 - Remuneração
A18: Item | B18: Descrição | C18: Percentual % | D18: Valor (R$)
A19: A | B19: Salário-Base | C19: 0.5 | D19: =D15/2 -> 978.64
A20: B | B20: Gratificação | C20: 0 | D20: =ROUND((C20*D15),2) -> 0
A21: C | B21: Outros (especificar)
A22: Total do Submódulo 1.1 | D22: =ROUND(SUM(D19:D21),2) -> 978.64
A23: Submódulo 1.2 - Pagamentos sem natureza remuneratória
A24: Item | B24: Descrição | C24: Percentual % | D24: Valor (R$)
A25: A | B25: Adicional de Boa Permanência | D25: 0
A26: B | B26: Intervalo Intrajornada | C26: 0 | D26: =ROUND((C26*D22),2) -> 0
A27: C | B27: Outros (especificar)
A28: Total do Submódulo 1.2 | D28: =ROUND(SUM(D25:D27),2) -> 0
A30: Quadro-Resumo do Módulo 1 - Composição da Remuneração
A31: Item | B31: Encargos e Benefícios Anuais, Mensais e Diários | D31: Valor (R$)
A32: 1.1 | B32: Remuneração | D32: =D22 -> 978.64
A33: 1.2 | B33: Pagamentos sem natureza remuneratória e incidência | D33: =D28 -> 0
A34: TOTAL DO MÓDULO 1 | D34: =SUM(D32:D33) -> 978.64
A36: MÓDULO 2 - Encargos e Benefícios Anuais, Mensais e Diários
A37: Submódulo 2.1 - 13º (décimo terceiro) Salário, Férias e Adicional de Férias | C37: Percentual % | D37: Valor (R$)
A38: A | B38: 13º (décimo terceiro) Salário | C38: 0.0937 | D38: =ROUND(($D$22*C38),2) -> 91.7
A39: B | B39: Adicional de Férias | C39: 0.0312 | D39: =ROUND(($D$22*C39),2) -> 30.53
A40: Total do Submódulo 2.1 | C40: =SUM(C38:C39) -> 0.1249 | D40: =ROUND(SUM(D38:D39),2) -> 122.23
A42: BASE DE CÁLCULO PARA O MÓDULO 2.2
A43: Submódulo 1.1 + Submódulo 2.1 | D43: =D22+D40 -> 1100.87
A44: Submódulo 2.2 - Encargos Previdenciários (GPS), Fundo de Garantia por Tempo de Serviço (FGTS) e outras contribuições | C44: Percentual % | D44: Valor (R$)
A45: A | B45: INSS (Previdência Social) | C45: 0.2 | D45: =ROUND(($D$43*C45),2) -> 220.17
A46: B | B46: SESI ou SESC | C46: 0.015 | D46: =ROUND(($D$43*C46),2) -> 16.51
A47: C | B47: SENAI OU SENAC | C47: 0.01 | D47: =ROUND(($D$43*C47),2) -> 11.01
A48: D | B48: INCRA | C48: 0.002 | D48: =ROUND(($D$43*C48),2) -> 2.2
A49: E | B49: Salário Educação | C49: 0.025 | D49: =ROUND(($D$43*C49),2) -> 27.52
A50: F | B50: FGTS | C50: 0.08 | D50: =ROUND(($D$43*C50),2) -> 88.07
A51: G | B51: Seguro Acidente de Trabalho e FAP (RAT AJUSTADO - RELATÓRIO SEFIP/GFIP) | C51: 0.03 | D51: =ROUND(($D$43*C51),2) -> 33.03
A52: H | B52: SEBRAE | C52: 0.006 | D52: =ROUND(($D$43*C52),2) -> 6.61
A53: Total do Submódulo 2.2 | C53: =SUM(C45:C52) -> 0.368 | D53: =SUM(D45:D52) -> 405.12
A54: Submódulo 2.3 - Benefícios Mensais e Diários | D54: Valor (R$)
A55: A | B55: Transporte (Quantidade: 52, Valor da Passagem: R$ 3,70) - 6% | D55: =ROUND(((3.7*52)-(6%*D15)),2) -> 74.96
A56: B | B56: Auxílio Alimentação
A57: C | B57: Assistência Médica (CCT) | D57: 110
A58: D | B58: Assistência Odontológica | D58: 10
A59: E | B59: Seguro de vida | D59: 2.16
A60: F | B60: Auxílio Funeral
A61: G | B61: Outros (especificar)
A62: Total do Submódulo 2.3 | D62: =SUM(D55:D61) -> 197.12
A64: Quadro-Resumo do Módulo 2 - Encargos e Benefícios anuais, mensais e diários
A65: Item | B65: Encargos e Benefícios Anuais, Mensais e Diários | D65: Valor (R$)
A66: 2.1 | B66: 13º (décimo terceiro) salário e adicional de férias | C66: =C40 -> 0.1249 | D66: =D40 -> 122.23
A67: 2.2 | B67: GPS, FGTS e outras contribuições | C67: =C53 -> 0.368 | D67: =D53 -> 405.12
A68: 2.3 | B68: Benefícios mensais e diários | D68: =D62 -> 197.12
A69: TOTAL DO MÓDULO 2 | C69: =SUM(C66:C68) -> 0.4929 | D69: =SUM(D66:D68) -> 724.47
A71: MÓDULO 3 - PROVISÃO PARA RESCISÃO
A72: A | B72: Aviso Prévio Indenizado | D72: =ROUND(C72*D34,2) -> 0
A73: B | B73: Incidência do FGTS sobre o Aviso Prévio Indenizado | D73: =ROUND((D72*C73),2) -> 0
A74: C | B74: Multa do FGTS e Contribuição Social sobre o Aviso Prévio Indenizado | D74: =ROUND((D22*C74),2) -> 0
A75: D | B75: Aviso Prévio Trabalhado | D75: =ROUND(((D22+D69)/12+0.5*D46)*C75,2) -> 0
A76: E | B76: Incidência dos encargos do submódulo 2.2 sobre o Aviso Prévio Trabalhado | D76: =ROUND((D75*C76),2) -> 0
A77: F | B77: Multa do FGTS e Contribuição Social sobre o Aviso Prévio Trabalhado | D77: =ROUND(($D$22*C77),2) -> 0
A78: TOTAL DO MÓDULO 3 | C78: =SUM(C72:C77) -> 0 | D78: =ROUND(SUM(D72:D77),2) -> 0
A80: BASE DE CÁLCULO PARA O MÓDULO 4
A81: Submódulo 1.1 + Módulo 2 + Módulo 3 | D81: =D22+D69+D78 -> 1703.11
A83: MÓDULO 4 - CUSTO DE RESPOSIÇÃO DO PROFISSIONAL AUSENTE
A84: Item | B84: Descrição | C84: Percentual % | D84: Valor (R$)
A85: A | B85: Férias | D85: =ROUND(C85*$D$32,2) -> 0
A86: B | B86: Licença paternidade / maternidade | D86: =ROUND(C86*$D$32,2) -> 0
A87: C | B87: Faltas Legais | D87: =ROUND(C87*$D$32,2) -> 0
A88: D | B88: Acidente de Trabalho | D88: =ROUND(C88*$D$32,2) -> 0
A89: F | B89: Outros (especificar) | D89: =ROUND(C89*$D$32,2) -> 0
A90: TOTAL DO MÓDULO 4 | C90: =SUM(C85:C89) -> 0 | D90: =ROUND(SUM(D85:D89),2) -> 0
A92: MÓDULO 5 - Insumos Diversos
A93: Item | B93: Descrição | D93: Valor (R$)
A94: A | B94: Uniformes | D94: =UNIFORMES!H22 -> 0
A95: B | B95: Materiais | D95: 0
A96: C | B96: Equipamentos | D96: 0
A97: D | B97: Outros (especificar) | D97: 0
A98: TOTAL DO MÓDULO 5 | D98: =ROUND(SUM(D94:D97),2) -> 0
A100: BASE DE CÁLCULO PARA O MÓDULO 6
A101: Módulo 1 + Módulo 2 + Módulo 3 + Módulo 4 + Módulo 5 | D101: =SUM(D81+D90+D98) -> 1703.11
B102: Módulo 6 - Custos Indiretos, Tributos e Lucro | C102: Percentual % | D102: Valor (R$)
A103: A | B103: Custos Indiretos | D103: =ROUND(($D$101*C103),2) -> 0
A104: B | B104: Lucro | D104: =ROUND(($D$101*C104),2) -> 0
B105: FATURAMENTO (MT + M6A + M6B) | D105: =D101+D103+D104 -> 1703.11
A106: C | B106: Tributos (Cálculo por Dentro) | C106: =(100-(C113*100))/100 -> 0.9135 | D106: =ROUND(D105/C106,2) -> 1864.38
B107: C.1. Tributos Federais (especificar)
B108: C1-A (PIS) | C108: 0.0065 | D108: =ROUND($D$106*C108,2) -> 12.12
B109: C1-B (COFINS) | C109: 0.03 | D109: =ROUND($D$106*C109,2) -> 55.93
...

Sheet UNIFORMES
A1: PLANILHA DE CUSTSOS - UNIFORMES
A3: Conjunto de Uniforme completo para os postos de Almoxarife
A4: Item | B4: Descrição | C4: Und. De Medida | D4: Qtd. | E4: Preço Unitário | F4: Periodicidade | G4: Qtd. Anual | H4: Valor Mensal
A5: 1 | B5: Camisa: Padrão tipo polo manga curta, em tecido 100% algodão, com identificação da CONTRATADA. | C5: Unidade | D5: 2 | F5: Semestral | G5: 4 | H5: =(E5*G5)/12 -> 0
A6: 2 | B6: Calça: Social modelo padrão social, cor preta. | C6: Unidade | D6: 2 | F6: Semestral | G6: 4 | H6: =(E6*G6)/12 -> 0
A7: 3 | B7: Cinto: Modelo social, confeccionado em Couro, cor preta. | C7: Unidade | D7: 2 | F7: Semestral | G7: 4 | H7: =(E7*G7)/12 -> 0
A8: 4 | B8: Calçado: Botina ou bota, confeccionado em couro cor preta. | C8: Par | D8: 2 | F8: Semestral | G8: 4 | H8: =(E8*G8)/12 -> 0
A9: 5 | B9: Meias: Confeccionada em tecido 100% algodão, cor preta. | C9: Par | D9: 6 | F9: Semestral | G9: 12 | H9: =(E9*G9)/12 -> 0
A10: 6 | B10: Crachá de Identificação: Formato 86x56mm. Material PVC. Espessura 0,7mm. Impressão 4x1. Com cordão tipo “jacaré”. | C10: Unidade | D10: 1 | F10: Semestral | G10: 2 | H10: =(E10*G10)/12 -> 0
A11: CUSTO MENSAL DO UNIFORME POR EMPREGADO | H11: =SUM(H5:H10) -> 0
A12: Obs: Será pago somente o valor efetivamente gasto no mês, mediante a apresentação de documento fiscal
A14: Conjunto de Uniforme completo para os postos de Assistente Administrativo Operacional I; Auxiliar Administrartivo II; Auxiliar de arquivo; Recepcionista II; Ledor; Porteiro 12x36 Diurno, Porteiro 12x36 Noturno, Porteiro 44 horas
A15: Item | B15: Descrição | C15: Und. De Medida | D15: Qtd. | E15: Preço Unitário | F15: Periodicidade | G15: Qtd. Anual | H15: Valor Mensal
A16: 1 | B16: Camisa para o sexo masculino: camisa padrão tipo polo manga curta, em tecido 100% algodão, com identificação da empresa. Camisa para o sexo feminino: camisa Social confeccionada em tecido, gola com entretela, mangas curtas com identificação da empresa. | C16: Unidade | D16: 2 | F16: Semestral | G16: 4 | H16: =(E16*G16)/12 -> 0
A17: 2 | B17: Calça: Social modelo padrão social, cor preta. | C17: Unidade | D17: 2 | F17: Semestral | G17: 4 | H17: =(E17*G17)/12 -> 0
A18: 3 | B18: Cinto: Modelo social, confeccionado em Couro, na mesma cor do calçado. | C18: Unidade | D18: 2 | F18: Semestral | G18: 4 | H18: =(E18*G18)/12 -> 0
A19: 4 | B19: Calçado: Para o sexo masculino botina ou bota, confeccionado em couro cor preta. Para o sexo feminino sapato, na cor preta, de boa qualidade, forro e palmilha em couro e solado de borracha e salto de 3 cm (três centímetros) de altura, material flexível, tipo couro, tipo scarpin ou estilo boneca. | C19: Par | D19: 2 | F19: Semestral | G19: 4 | H19: =(E19*G19)/12 -> 0
A20: 5 | B20: Meias: Meia Para o sexo masculino meia confeccionada em tecido 100% algodão, cor preta e boa qualidade. Para o sexo feminino meia social 3/, feminina, lisa, na cor do sapato, de boa qualidade. | C20: Par | D20: 6 | F20: Semestral | G20: 12 | H20: =(E20*G20)/12 -> 0
A21: 6 | B21: Crachá de Identificação: Formato 86x56mm. Material PVC. Espessura 0,7mm. Impressão 4x1. Com cordão tipo “jacaré”. | C21: Unidade | D21: 1 | F21: Semestral | G21: 2 | H21: =(E21*G21)/12 -> 0
A22: CUSTO MENSAL DO UNIFORME POR EMPREGADO | H22: =SUM(H16:H21) -> 0
A23: Obs: Será pago somente o valor efetivamente gasto no mês, mediante a apresentação de documento fiscal
A25: Conjunto de Uniforme completo para os postos de Auxiliar Técnico de Laboratório
A26: Item | B26: Descrição | C26: Und. De Medida | D26: Qtd. | E26: Preço Unitário | F26: Periodicidade | G26: Qtd. Anual | H26: Valor Mensal
A27: 1 | B27: Jaleco: Jaleco em Gabardine Microfibra, manga longa (referência tecidos Biasi) na cor Branca, modelo Gola Padre, Aberto com fechamento em botão comum, 01 bolso bordado: Local no Bolso Central “Logomarca da UFSB” e embaixo o nome da função do profissional, 02 bolsos na parte inferior, abertura atrás com faixa fixa, local manga direita bordado “logomarca UFSB”. | C27: Unidade | D27: 2 | F27: Semestral | G27: 4 | H27: =(E27*G27)/12 -> 0
A28: 2 | B28: Camisa: Padrão tipo polo manga curta, em tecido 100% algodão, com identificação da CONTRATADA. | C28: Unidade | D28: 2 | F28: Semestral | G28: 4 | H28: =(E28*G28)/12 -> 0
A29: 3 | B29: Calça: Social modelo padrão social, cor preta. | C29: Unidade | D29: 2 | F29: Semestral | G29: 4 | H29: =(E29*G29)/12 -> 0
A30: 4 | B30: Cinto: Modelo social, confeccionado em Couro, na mesma cor do calçado. | C30: Par | D30: 2 | F30: Semestral | G30: 4 | H30: =(E30*G30)/12 -> 0
A31: 5 | B31: Calçado: Para o sexo masculino botina ou bota, confeccionado em couro cor preta. Para o sexo feminino sapato, na cor preta, de boa qualidade, forro e palmilha em couro e solado de borracha e salto de 3 cm (três centímetros) de altura, material flexível, tipo couro, tipo scarpin ou estilo boneca. | C31: Par | D31: 2 | F31: Semestral | G31: 2 | H31: =(E31*G31)/12 -> 0
A32: 6 | B32: Meias: Meia Para o sexo masculino meia confeccionada em tecido 100% algodão, cor preta e boa qualidade. Para o sexo feminino meia social 3/, feminina, lisa, na cor do sapato, de boa qualidade. | C32: Par | D32: 6 | F32: Semestral | G32: 6 | H32: =(E32*G32)/12 -> 0
A33: 7 | B33: Crachá de Identificação: Formato 86x56mm. Material PVC. Espessura 0,7mm. Impressão 4x1. Com cordão tipo “jacaré”. | C33: Unidade | D33: 1 | F33: Semestral | G33: 1 | H33: =(E33*G33)/12 -> 0
A34: CUSTO MENSAL DO UNIFORME POR EMPREGADO | H34: =SUM(H27:H33) -> 0
A35: Obs: Será pago somente o valor efetivamente gasto no mês, mediante a apresentação de documento fiscal
A37: Conjunto de Uniforme completo para os postos de Copeiragem
A38: Item | B38: Descrição | C38: Und. De Medida | D38: Qtd. | E38: Preço Unitário | F38: Periodicidade | G38: Qtd. Anual | H38: Valor Mensal
A39: 1 | B39: Camisa: Padrão tipo polo manga curta, em tecido 100% algodão, com identificação da CONTRATADA. | C39: Unidade | D39: 2 | F39: Semestral | G39: 4 | H39: =(E39*G39)/12 -> 0
A40: 2 | B40: Calça: Social modelo padrão social, com viscose ou similar, cor preta. | C40: Unidade | D40: 2 | F40: Semestral | G40: 4 | H40: =(E40*G40)/12 -> 0
A41: 3 | B41: Cinto: Modelo social, confeccionado em Couro, na mesma cor do calçado. | C41: Unidade | D41: 2 | F41: Semestral | G41: 4 | H41: =(E41*G41)/12 -> 0
A42: 4 | B42: Calçado: Para o sexo masculino botina ou bota, confeccionado em couro cor preta. Para o sexo feminino sapato, na cor preta, de boa qualidade, forro e palmilha em couro e solado de borracha e salto de 3 cm (três centímetros) de altura, material flexível, tipo couro, tipo scarpin ou estilo boneca. | C42: Par | D42: 2 | F42: Semestral | G42: 4 | H42: =(E42*G42)/12 -> 0
A43: 5 | B43: Meias: Meia Para o sexo masculino meia confeccionada em tecido 100% algodão, cor preta e boa qualidade. Para o sexo feminino meia social 3/, feminina, lisa, na cor do sapato, de boa qualidade. | C43: Par | D43: 6 | F43: Semestral | G43: 12 | H43: =(E43*G43)/12 -> 0
A44: 6 | B44: Crachá de Identificação: Formato 86x56mm. Material PVC. Espessura 0,7mm. Impressão 4x1. Com cordão tipo “jacaré”. | C44: Unidade | D44: 1 | F44: Semestral | G44: 2 | H44: =(E44*G44)/12 -> 0
A45: 7 | B45: Avental para Cozinha: Tipo frontal, oxford ou napa impermeável, apresentação com alças no pescoço e na cintura, cor branca, tamanho médio. | C45: Unidade | D45: 2 | F45: Semestral | G45: 4 | H45: =(E45*G45)/12 -> 0
A46: 8 | B46: Touca: tipo descartável, material plástico, aplicação cozinha industrial, tamanho único. | C46: Pct. (100 und) | D46: 4 | F46: Semestral | G46: 8 | H46: =(E46*G46)/12 -> 0
A47: CUSTO MENSAL DO UNIFORME POR EMPREGADO | H47: =SUM(H39:H46) -> 0
A48: Obs: Será pago somente o valor efetivamente gasto no mês, mediante a apresentação de documento fiscal
A50: Conjunto de Uniforme completo para os postos de Agente de Apoio e Serviços
A51: Item | B51: Descrição | C51: Und. De Medida | D51: Qtd. | E51: Preço Unitário | F51: Periodicidade | G51: Qtd. Anual | H51: Valor Mensal
A52: 1 | B52: Camisa: Padrão de manga comprida, em tecido 100% algodão, com identificação da empresa. | C52: Unidade | D52: 4 | F52: Semestral | G52: 8 | H52: =(E52*G52)/12 -> 0
A53: 2 | B53: Calça: comprida com elástico e cordão, em tecido grosso. | C53: Unidade | D53: 4 | F53: Semestral | G53: 8 | H53: =(E53*G53)/12 -> 0
A54: 3 | B54: Cinto: Modelo social, confeccionado em Couro, na mesma cor do calçado. | C54: Unidade | D54: 2 | F54: Semestral | G54: 4 | H54: =(E54*G54)/12 -> 0
A55: 4 | B55: Calçado: Botina em couro, de solado liso e antiderrapante, com palmilha antibacteriana e bico de aço. | C55: Par | D55: 2 | F55: Semestral | G55: 4 | H55: =(E55*G55)/12 -> 0
A56: 5 | B56: Meias: Para o sexo masculino meia confeccionada em tecido 100% algodão, cor preta e boa qualidade. Para o sexo feminino meia social 3/, feminina, lisa, na cor do sapato, de boa qualidade. | C56: Par | D56: 6 | F56: Semestral | G56: 12 | H56: =(E56*G56)/12 -> 0
A57: 6 | B57: Crachá de Identificação: Formato 86x56mm. Material PVC. Espessura 0,7mm. Impressão 4x1. Com cordão tipo “jacaré”. | C57: Unidade | D57: 1 | F57: Semestral | G57: 2 | H57: =(E57*G57)/12 -> 0
A58: CUSTO MENSAL DO UNIFORME POR EMPREGADO | H58: =SUM(H52:H57) -> 0
A59: Obs: Será pago somente o valor efetivamente gasto no mês, mediante a apresentação de documento fiscal
A61: Conjunto de Uniforme completo para os postos de Jardineiro
A62: Item | B62: Descrição | C62: Und. De Medida | D62: Qtd. | E62: Preço Unitário | F62: Periodicidade | G62: Qtd. Anual | H62: Valor Mensal
A63: 1 | B63: Camisa: Padrão de manga comprida, em tecido 100% algodão, com identificação da empresa. | C63: Unidade | D63: 4 | F63: Semestral | G63: =D63*2 -> 8 | H63: =(E63*G63)/12 -> 0
A64: 2 | B64: Macacão: confeccionado em falso tecido laminado respirável, revestido com uma película (filme) respirável de polietileno, unidos através do processo de adesivação (Hotmelt). Com mangas compridas, capuz, fechamento frontal com zíper e elástico nas pontas das mangas e pés, cor verde. Gramatura mínima de 60g/m² que crie uma barreira para partículas secas e úmidas maiores que 0,5 microns. Tamanho sob medida. | C64: Unidade | D64: 2 | F64: Semestral | G64: =D64*2 -> 4 | H64: =(E64*G64)/12 -> 0
A65: 3 | B65: Calça: comprida com elástico e cordão, em tecido grosso. | C65: Unidade | D65: 4 | F65: Semestral | G65: =D65*2 -> 8 | H65: =(E65*G65)/12 -> 0
A66: 4 | B66: Cinto: Modelo social, confeccionado em Couro, na mesma cor do calçado. | C66: Unidade | D66: 2 | F66: Semestral | G66: =D66*2 -> 4 | H66: =(E66*G66)/12 -> 0
A67: 5 | B67: Calçado: Botina em couro, de solado liso e antiderrapante, com palmilha antibacteriana e bico de aço. | C67: Par | D67: 2 | F67: Semestral | G67: =D67*2 -> 4 | H67: =(E67*G67)/12 -> 0
A68: 6 | B68: Meias: Para o sexo masculino meia confeccionada em tecido 100% algodão, cor preta e boa qualidade. Para o sexo feminino meia social 3/, feminina, lisa, na cor do sapato, de boa qualidade. | C68: Par | D68: 6 | F68: Semestral | G68: =D68*2 -> 12 | H68: =(E68*G68)/12 -> 0
A69: 7 | B69: Crachá de Identificação: Formato 86x56mm. Material PVC. Espessura 0,7mm. Impressão 4x1. Com cordão tipo “jacaré”. | C69: Unidade | D69: 1 | F69: Semestral | G69: =D69*2 -> 2 | H69: =(E69*G69)/12 -> 0
A70: 8 | B70: Boné Árabe: boné, material corpo brim, material aba polietileno, material regulador abertura velcro, modelo touca árabe, por Caqui, características adicionais modelo com proteção para pescoço e ombro, tamanho sob medida. | C70: Unidade | D70: 2 | F70: Semestral | G70: =D70*2 -> 4 | H70: =(E70*G70)/12 -> 0
A71: 9 | B71: Capa de Chuva: Capa de chuva em PVC reforçada e impermeável, de cor amarela, forrada, com capuz e manga comprida, com sistema de emenda resistente tipo vulcanizada, com fechamento frontal de 4 botões inoxidável tipo pressão. | C71: Unidade | D71: 2 | F71: Semestral | G71: =D71*2 -> 4 | H71: =(E71*G71)/12 -> 0
A72: CUSTO MENSAL DO UNIFORME POR EMPREGADO | H72: =SUM(H63:H71) -> 0
A73: Obs: Será pago somente o valor efetivamente gasto no mês, mediante a apresentação de documento fiscal

Sheet MATERIAIS
A1: PLANILHA DE MATERIAIS
A3: Materiais previstos para o posto de ALMOXARIFE e AGENTE DE APOIO E SERVIÇOS
A4: Item | B4: Descrição | C4: Und. De Medida | D4: Qtd. | E4: Preço Unitário | F4: Periodicidade | G4: Qtd. Anual | H4: Valor Mensal
A5: 1 | B5: Respirador descartável tipo peça semifácil filtrante para poeiras, névoas e fumos, classe PFF-2. | C5: Unidade | D5: 10 | F5: Mensal | G5: =D5*12 -> 120 | H5: =(E5*G5)/12 -> 0
A6: 2 | B6: Luva de algodão, malha, pigmentada, tricotada com 04 fios. | C6: Unidade | D6: 2 | F6: Semestral | G6: =D6*2 -> 4 | H6: =(E6*G6)/12 -> 0
A7: Valor Mensal | H7: =SUM(H5:H6) -> 0
A8: Obs: Será pago somente o valor efetivamente gasto no mês, mediante a apresentação de documento fiscal.
A10: Materiais previstos para o posto de AUXILIAR DE ARQUIVO
A11: Item | B11: Descrição | C11: Und. De Medida | D11: Qtd. | E11: Preço Unitário | F11: Periodicidade | G11: Qtd. Anual | H11: Valor Mensal
A12: 1 | B12: Luva para procedimento não cirúrgico em látex, descartável. | C12: Caixa com 100 Und. | D12: 1 | F12: Bimestral | G12: 6 | H12: =(E12*G12)/12 -> 0
A13: 2 | B13: Máscara de proteção contra poeira, mofo, fungos, descartável. | C13: Caixa com 50 und. | D13: 1 | F13: Mensal | G13: 12 | H13: =(E13*G13)/12 -> 0
A14: Valor Mensal | H14: =SUM(H12:H13) -> 0
A15: Obs: Será pago somente o valor efetivamente gasto no mês, mediante a apresentação de documento fiscal.
A17: Materiais previstos para o posto de COPEIRAGEM
A18: Item | B18: Descrição | C18: Und. De Medida | D18: Qtd. | E18: Preço Unitário | F18: Periodicidade | G18: Qtd. Anual | H18: Valor Mensal
A19: 1 | B19: Coador de café de pano | C19: Unidade | D19: 10 | F19: Mensal | G19: =D19*12 -> 120 | H19: =(E19*G19)/12 -> 0
A20: 2 | B20: Copo Descartável 50 ml | C20: Pct. 100 und. | D20: 30 | F20: Mensal | G20: =D20*12 -> 360 | H20: =(E20*G20)/12 -> 0
A21: 3 | B21: Esponja bucha de lavar louça dupla face | C21: Unidade | D21: 16 | F21: Mensal | G21: =D21*12 -> 192 | H21: =(E21*G21)/12 -> 0
A22: 4 | B22: Mini Colher para chá e café descartável | C22: Pct. 100 und. | D22: 30 | F22: Mensal | G22: =D22*12 -> 360 | H22: =(E22*G22)/12 -> 0
A23: 5 | B23: Guardanapo descartável de papel 23x23 cm | C23: Pct. 50 und. | D23: 60 | F23: Mensal | G23: =D23*12 -> 720 | H23: =(E23*G23)/12 -> 0
A24: 6 | B24: Pano de Prato | C24: Unidade | D24: 10 | F24: Mensal | G24: =D24*12 -> 120 | H24: =(E24*G24)/12 -> 0
A25: Valor Mensal | H25: =SUM(H19:H24) -> 0
A26: Obs: Será pago somente o valor efetivamente gasto no mês, mediante a apresentação de documento fiscal.
A28: Materiais previstos para o posto de JARDINEIRO
A29: Item | B29: Descrição | C29: Und. De Medida | D29: Qtd. | E29: Preço Unitário | F29: Periodicidade | G29: Qtd. Anual | H29: Valor Mensal
A30: 1 | B30: Adubo (NPK) saco 50 kg | C30: Saco 50kg | D30: 0.5 | F30: Mensal | G30: =D30*12 -> 6 | H30: =(E30*G30)/12 -> 0
A31: 2 | B31: Herbicida seletivo para germíneas | C31: Litro | D31: 1 | F31: Mensal | G31: =D31*12 -> 12 | H31: =(E31*G31)/12 -> 0
A32: 3 | B32: Ureia | C32: Saco 50 kg | D32: 1 | F32: Mensal | G32: =D32*12 -> 12 | H32: =(E32*G32)/12 -> 0
A33: 4 | B33: Calcário para gramado | C33: Pct. 5 kg | D33: 1.7 | F33: Mensal | G33: =D33*12 -> 20.4 | H33: =(E33*G33)/12 -> 0
A34: Valor Mensal | H34: =SUM(H30:H33) -> 0
A35: Obs: Será pago somente o valor efetivamente gasto no mês, mediante a apresentação de documento fiscal.
A37: Materiais previstos para os postos de PORTEIRO 12X36 DIURNO; PORTEIRO 12X36 NOTURNO E PORTEIRO 44 HORAS
A38: Item | B38: Descrição | C38: Und. De Medida | D38: Qtd. | E38: Preço Unitário | F38: Periodicidade | G38: Qtd. Anual | H38: Valor Mensal
A39: 1 | B39: Livro de Ocorrências 50 fls. | C39: Unidade | D39: 1 | F39: Mensal | G39: =D39*12 -> 12 | H39: =(E39*G39)/12 -> 0
A40: Valor Mensal | H40: =SUM(H39:H39) -> 0
A41: Obs: Será pago somente o valor efetivamente gasto no mês, mediante a apresentação de documento fiscal.

Sheet EQUIPAMENTOS
A1: PLANILHA DE EQUIPAMENTOS
A3: Equipamentos previstos para o posto de AGENTE DE APOIO E SERVIÇOS
A4: Item | B4: Descrição | C4: Und. De Medida | D4: Qtd. | E4: Preço Unitário | F4: Periodicidade | G4: Qtd. Anual | H4: Valor Mensal
A5: 1 | B5: Alicate | C5: Unidade | D5: 1 | F5: Anual | G5: =1 -> 1 | H5: =(E5*G5)/12 -> 0
A6: 2 | B6: Arco de Serra | C6: Unidade | D6: 1 | F6: Anual | G6: =1 -> 1 | H6: =(E6*G6)/12 -> 0
A7: 3 | B7: Carrinho de carga com aba prolongadora, estrutura metálica, roda pneumática (pneu com câmara). Capacidade de carga: 200 kg. | C7: Unidade | D7: 1 | F7: Anual | G7: =1 -> 1 | H7: =(E7*G7)/12 -> 0
A8: 4 | B8: Cinta ergonômica abdominal com suspensório. | C8: Unidade | D8: 1 | F8: Anual | G8: =1 -> 1 | H8: =(E8*G8)/12 -> 0
A9: 5 | B9: Extensão Elétrica | C9: Unidade | D9: 1 | F9: Anual | G9: =1 -> 1 | H9: =(E9*G9)/12 -> 0
A10: 6 | B10: Furadeira e Parafusadeira | C10: Unidade | D10: 1 | F10: Anual | G10: =1 -> 1 | H10: =(E10*G10)/12 -> 0
A11: 7 | B11: Kit Chaves Fenda e Phillips | C11: Unidade | D11: 1 | F11: Anual | G11: =1 -> 1 | H11: =(E11*G11)/12 -> 0
A12: 8 | B12: Martelo | C12: Unidade | D12: 1 | F12: Anual | G12: =1 -> 1 | H12: =(E12*G12)/12 -> 0
A13: 9 | B13: Pé de Cabra | C13: Unidade | D13: 1 | F13: Anual | G13: =1 -> 1 | H13: =(E13*G13)/12 -> 0
A14: 10 | B14: Lâmina para arco de serra | C14: Unidade | D14: 3 | F14: Mensal | G14: =D14*12 -> 36 | H14: =(E14*G14)/12 -> 0
A15: 11 | B15: Serrote | C15: Unidade | D15: 1 | F15: Anual | G15: =1 -> 1 | H15: =(E15*G15)/12 -> 0
A16: 12 | B16: Talhadeira | C16: Unidade | D16: 1 | F16: Anual | G16: =1 -> 1 | H16: =(E16*G16)/12 -> 0
A17: 13 | B17: Trena | C17: Unidade | D17: 1 | F17: Anual | G17: =1 -> 1 | H17: =(E17*G17)/12 -> 0
A18: Valor Mensal | H18: =SUM(H5:H17) -> 0
A19: Obs: Será pago somente o valor efetivamente gasto no mês, mediante a apresentação de documento fiscal.
A21: Equipamentos previstos para o posto de COPEIRAGEM
A22: Item | B22: Descrição | C22: Und. De Medida | D22: Qtd. | E22: Preço Unitário | F22: Periodicidade | G22: Qtd. Anual | H22: Valor Mensal
A23: 1 | B23: Porta copos para copos descartáveis em aço inox | C23: Unidade | D23: 15 | F23: Anual | G23: =D23 -> 15 | H23: =(E23*G23)/12 -> 0
A24: 2 | B24: Conjunto de xícaras de café com pires de porcelana, brancas (D x A): 6 x 5 cm. Capacidade 70 ml (6 unidades). | C24: Conjunto | D24: 6 | F24: Anual | G24: =D24 -> 6 | H24: =(E24*G24)/12 -> 0
A25: 3 | B25: Conjunto de Copos tipo “Nadir Figueiredo”, Long Drink Oca de 400 Ml (6 unidades). | C25: Conjunto | D25: 6 | F25: Anual | G25: =D25 -> 6 | H25: =(E25*G25)/12 -> 0
A26: 4 | B26: Jarra de suco/água de vidro tipo “Pasahbace Karat” 1,8/2 Litros | C26: Unidade | D26: 3 | F26: Anual | G26: =D26 -> 3 | H26: =(E26*G26)/12 -> 0
B27: Garrafa Térmica 1,8 L, tipo “Termolar” | C27: Unidade | D27: 4 | F27: Anual | G27: =D27 -> 4
A28: 5 | B28: Bandeja de aço inox retangular 21,7 x 34,7cm | C28: Unidade | D28: 6 | F28: Anual | G28: =D28 -> 6 | H28: =(E28*G28)/12 -> 0
A29: Valor Mensal | H29: =SUM(H23:H28) -> 0
A30: Obs: Será pago somente o valor efetivamente gasto no mês, mediante a apresentação de documento fiscal.
A32: Equipamentos previstos para o posto de JARDINEIRO
A33: Item | B33: Descrição | C33: Und. De Medida | D33: Qtd. | E33: Preço Unitário | F33: Periodicidade | G33: Qtd. Anual | H33: Valor Mensal
A34: 1 | B34: Carrinho de Mão | C34: Unidade | D34: 1 | F34: Anual | G34: =D34 -> 1 | H34: =(E34*G34)/12 -> 0
A35: 2 | B35: Carrinho plataforma c/ 4 rodas, com grade, capacidade aproximada de 20 a 300kg | C35: Unidade | D35: 1 | F35: Anual | G35: =D35 -> 1 | H35: =(E35*G35)/12 -> 0
A36: 3 | B36: Escada Articulada 16 degraus | C36: Unidade | D36: 1 | F36: Anual | G36: =D36 -> 1 | H36: =(E36*G36)/12 -> 0
A37: 4 | B37: Foice | C37: Unidade | D37: 1 | F37: Anual | G37: =D37 -> 1 | H37: =(E37*G37)/12 -> 0
A38: 5 | B38: Facão para mato 16”, lâmina de aço carbono e cabo de polipropileno | C38: Unidade | D38: 1 | F38: Anual | G38: =D38 -> 1 | H38: =(E38*G38)/12 -> 0
A39: 6 | B39: Kit Jardinagem (escarificador, pás, tesoura) | C39: Unidade | D39: 1 | F39: Anual | G39: =D39 -> 1 | H39: =(E39*G39)/12 -> 0
A40: 7 | B40: Mangueira de jardim 1 polegada | C40: Unidade | D40: 1 | F40: Anual | G40: =D40 -> 1 | H40: =(E40*G40)/12 -> 0
A41: 8 | B41: Mangueira de jardim ½ polegada | C41: Unidade | D41: 1 | F41: Anual | G41: =D41 -> 1 | H41: =(E41*G41)/12 -> 0
A42: 9 | B42: Mangueira microperfurada para irrigação | C42: Rolo 100 m | D42: 2 | F42: Anual | G42: =D42 -> 2 | H42: =(E42*G42)/12 -> 0
A43: 10 | B43: Mangueira para irrigação ¾ com micro-aspersor | C43: Rolo 50 m | D43: 4 | F43: Anual | G43: =D43 -> 4 | H43: =(E43*G43)/12 -> 0
A44: 11 | B44: Microaspersor | C44: Unidade | D44: 1 | F44: Anual | G44: =D44 -> 1 | H44: =(E44*G44)/12 -> 0
A45: 12 | B45: Pá | C45: Unidade | D45: 1 | F45: Anual | G45: =D45 -> 1 | H45: =(E45*G45)/12 -> 0
... A50: 17 | B50: Tesoura média de poda | C50: Unidade | D50: 1 | F50: Anual | G50: =D50 -> 1 | H50: =(E50*G50)/12 -> 0
A51: Valor Mensal | H51: =SUM(H34:H50) -> 0
A52: Obs: Será pago somente o valor efetivamente gasto no mês, mediante a apresentação de documento fiscal.
